 Dungeon Crawl Stone Soup version 0.27-a0-830-ga1c911b16d (webtiles) character file.

Game seed: 10781493864337381391

1311177 prajmer the Conqueror (level 27, -15/218 HPs)
             Began as a Gargoyle Earth Elementalist on Mar 29, 2021.
             Was the Champion of Vehumet.
             Demolished by Cuph the pandemonium lord (26 damage)
             ... while paralysed by Waecaxix
             ... on level 26 of a ziggurat on Mar 31, 2021.
             The game lasted 04:40:56 (91516 turns).

prajmer the Conqueror (GrEE)                       Turns: 91516, Time: 04:40:57

Health: -15/218    AC: 42    Str: 19    XL:     27
Magic:  62/72      EV:  2    Int: 33    God:    Vehumet [******]
Gold:   9553       SH:  0    Dex: 11    Spells: 1/80 levels left

rFire    + + +     SeeInvis +   g - +10 demon whip of Karma {elec, MP+9 Str+2 Int+4}
rCold    + + .     Faith    .   q - +3 warlock's mirror {reflect}
rNeg     + + .     Spirit   .   x - +2 robe {Archmagi}
rPois    ∞         Reflect  +   H - +3 crown of Dyrovepreva {rElec Int+2 SInv}
rElec    +         Harm     .   w - +0 cloak of Supple Strength {+Blink +Fly Str+3 SInv}
rCorr    .         Rampage  .   j - +2 pair of gloves {Dex+3}
Will     +++..     Clarity  +   C - +0 pair of boots of the Armadillo {rF+++ Regen+ MP+9 Slay-4}
Stlth    +++++++++.             B - amulet "Jeroor" {RegenMP +Inv rC+}
HPRegen  1.46/turn              F - ring "Barafad" {Wiz rN+ Slay+5}
MPRegen  0.68/turn              n - ring of the Tortoise {AC+8}

@: paralysed, flying, studying 11 skills, silenced
A: AC +20, big wings, negative energy resistance 1, electricity resistance,
torment resistance 1, unbreathing 1, petrification resistance, clarity, clumsy
1, cold resistance 1, strong-willed 1, mutation resistance 1, robust 1
}: 5/15 runes: decaying, slimy, silver, abyssal, gossamer
a: Renounce Religion, Evoke Blink, Evoke Invisibility


You were on level 26 of a ziggurat.
You worshipped Vehumet.
Vehumet was exalted by your worship.
You visited 12 branches of the dungeon, and saw 58 of its levels.
You visited the Abyss 2 times.
You visited 1 bazaar.
You visited 3 ziggurats (completing 2), and saw 80 of their levels.
You also visited: Sewer, Gauntlet, Ice Cave and Volcano.

You collected 17621 gold pieces.
You spent 8068 gold pieces at shops.

Inventory:

Hand Weapons
 d - the +7 great mace "Undeadhunter" {disrupt, rN+}
   (You found it on level 10 of a ziggurat)

   It protects you from negative energy.
 g - the +10 demon whip of Karma (weapon) {elec, MP+9 Str+2 Int+4}
   (You found it on level 24 of a ziggurat)

   Occasionally, upon striking a foe, it can discharge electrical energy and
   cause terrible harm.
   It affects your strength (+2).
   It affects your intelligence (+4).
   It affects your magic capacity (+9).
 G - the +3 Elemental Staff {rElec rF++ rC++ Will++ AC+5}
   (You found it on level 23 of a ziggurat)

   It affects your AC (+5).
   It greatly protects you from fire.
   It greatly protects you from cold.
   It insulates you from electricity.
   It greatly increases your willpower.
Armour
 f - a +2 cloak of preservation
 j - a +2 pair of gloves of dexterity (worn)
 q - the +3 warlock's mirror (worn) {reflect}
   (You found it on level 21 of a ziggurat)
 w - the +0 cloak of Supple Strength (worn) {+Blink +Fly Str+3 SInv}
   (You found it on level 19 of a ziggurat)

   It affects your strength (+3).
   It lets you see invisible.
   It grants you flight.
   It lets you blink.
 x - a +2 robe of the Archmagi (worn)
 C - the +0 pair of boots of the Armadillo (worn) {rF+++ Regen+ MP+9 Slay-4}
   (You bought it in a shop on level 10 of the Dungeon)

   It affects your accuracy and damage with ranged weapons and melee attacks
   (-4).
   It renders you almost immune to fire.
   It affects your magic capacity (+9).
   It increases your rate of health regeneration.
 H - the +3 crown of Dyrovepreva (worn) {rElec Int+2 SInv}
   (You acquired it on level 21 of a ziggurat)

   It affects your intelligence (+2).
   It insulates you from electricity.
   It lets you see invisible.
Jewellery
 a - the ring "Quisirphe" {+Blink Str+6 Dex+5}
   (You found it on level 19 of a ziggurat)

   [ring of strength]

   It affects your strength (+6).
   It affects your dexterity (+5).
   It lets you blink.
 h - the ring of Xom's Amusement {+Inv Will+ Str+6 Int+4}
   (You found it on level 14 of a ziggurat)

   [ring of willpower]

   It affects your strength (+6).
   It affects your intelligence (+4).
   It lets you turn invisible.
   It increases your willpower.
 l - the ring "Qohitz" {Will+ rCorr Dex+2}
   (You found it on level 8 of a ziggurat)

   [ring of resist corrosion]

   It affects your dexterity (+2).
   It protects you from acid and corrosion.
   It increases your willpower.
 n - the ring of the Tortoise (right hand) {AC+8}
   (You found it on level 19 of a ziggurat)

   [ring of protection]

   It affects your AC (+8).
 r - the ring of Vitocw {+Inv rC+ rN++ Str-2 Dex+6}
   (You found it on level 19 of a ziggurat)

   [ring of dexterity]

   It affects your strength (-2).
   It affects your dexterity (+6).
   It protects you from cold.
   It greatly protects you from negative energy.
   It lets you turn invisible.
 z - the ring of Novvunn {rF++ Will+ AC+4 Int-2}
   (You found it on level 21 of a ziggurat)

   [ring of protection]

   It affects your AC (+4).
   It affects your intelligence (-2).
   It greatly protects you from fire.
   It increases your willpower.
 B - the amulet "Jeroor" (around neck) {RegenMP +Inv rC+}
   (You found it on level 21 of a ziggurat)

   [amulet of magic regeneration]

   It increases your rate of magic regeneration.
   It protects you from cold.
   It lets you turn invisible.
 F - the ring "Barafad" (left hand) {Wiz rN+ Slay+5}
   (You found it on level 22 of a ziggurat)

   [ring of wizardry]

   It improves your spell success rate.
   It affects your accuracy and damage with ranged weapons and melee attacks
   (+5).
   It protects you from negative energy.
 Q - the ring "Apehyco" {+Blink rN+ Int+6 Dex+2}
   (You found it on level 25 of a ziggurat)

   [ring of intelligence]

   It affects your intelligence (+6).
   It affects your dexterity (+2).
   It protects you from negative energy.
   It lets you blink.
Wands
 i - a wand of acid (44)
 v - a wand of iceblast (79)
Scrolls
 k - 23 scrolls of magic mapping
 m - 40 scrolls of fog
 o - 51 scrolls of teleportation
 u - 32 scrolls of amnesia
 y - 134 scrolls of identify
 A - 39 scrolls of blinking
 L - 14 scrolls of holy word
 P - 8 scrolls of summoning
Potions
 b - a potion of resistance
 c - 16 potions of haste
 e - 30 potions of curing
 p - 20 potions of heal wounds
 s - 6 potions of brilliance
 t - 9 potions of ambrosia
 D - 17 potions of cancellation
 E - 5 potions of magic
 I - 7 potions of berserk rage
 J - 50 potions of mutation
 O - 13 potions of might
Miscellaneous
 K - a tin of tremorstones (2/2)
 M - a condenser vane
 N - a phial of floods
 U - a box of beasts
 W - a phantom mirror


   Skills:
 O Level 27 Fighting
 - Level 12.0 Short Blades
 O Level 27 Maces & Flails
 - Level 6.0 Armour
 + Level 20.5 Dodging
 O Level 27 Stealth
 O Level 27 Shields
 O Level 27 Spellcasting
 O Level 27 Conjurations
 - Level 6.5 Hexes
 - Level 18.0 Necromancy
 - Level 10.0 Transmutations
 O Level 27 Fire Magic
 O Level 27 Ice Magic
 O Level 27 Earth Magic
 O Level 27 Evocations


You had one spell level left.
You knew the following spells:

 Your Spells              Type           Power      Damage    Failure   Level
a - Shatter               Erth           73%        3d54*     1%          9
b - Stone Arrow           Conj/Erth      100%       3d13      0%          3
c - Lee's Rapid Deconstr  Erth           73%        3d34*     0%          5
d - Lehudib's Crystal Sp  Conj/Erth      73%        10d17     1%          8
e - Bolt of Magma         Conj/Fire/Erth 73%        4d28      0%          5
f - Fire Storm            Conj/Fire      73%        8d19      1%          9
g - Ignition              Fire           73%        3d19      1%          8
h - Death's Door          Necr           64%        N/A       12%         9
i - Absolute Zero         Ice            73%        ∞         1%          9
j - Necromutation         Tmut/Necr      58%        N/A       4%          8
k - Invisibility          Hex            93%        N/A       2%          6

Your spell library contained the following spells:

 Spells                   Type           Power      Damage    Failure   Level
 Chain Lightning          Conj/Air       58%        N/A       1%          8
 Animate Skeleton         Necr           100%       N/A       0%          1
 Beastly Appendage        Tmut           100%       N/A       0%          1
 Foxfire                  Conj/Fire      100%       2x1d9     0%          1
 Freeze                   Ice            100%       1d11      0%          1
 Magic Dart               Conj           100%       1d8       0%          1
 Pain                     Necr           100%       1d9       0%          1
 Sandblast                Erth           100%       2d20      0%          1
 Shock                    Conj/Air       100%       1d9       0%          1
 Apportation              Tloc           100%       N/A       1%          1
 Corona                   Hex            100%       N/A       1%          1
 Sting                    Tmut/Pois      100%       1d8       1%          1
 Summon Small Mammal      Summ           100%       N/A       1%          1
 Corpse Rot               Necr/Air       N/A        N/A       0%          2
 Ensorcelled Hibernation  Hex/Ice        100%       N/A       0%          2
 Passwall                 Tmut/Erth      100%       N/A       0%          2
 Searing Ray              Conj           100%       3d7       0%          2
 Wereblood                Tmut           100%       N/A       0%          2
 Conjure Flame            Conj/Fire      100%       6-21      0%          3
 Dazzling Flash           Conj/Hex       100%       N/A       0%          3
 Frozen Ramparts          Ice            100%       1d12      0%          3
 Ignite Poison            Fire/Tmut/Pois 100%       N/A       0%          3
 Inner Flame              Hex/Fire       100%       N/A       0%          3
 Ozocubu's Armour         Ice            100%       N/A       0%          3
 Static Discharge         Conj/Air       100%       N/A       0%          3
 Vampiric Draining        Necr           64%        2d15      0%          3
 Animate Armour           Summ/Erth      100%       N/A       0%          4
 Animate Dead             Necr           64%        N/A       0%          4
 Dispel Undead            Necr           100%       3d31      0%          4
 Fulminant Prism          Conj/Hex       62%        3d27      0%          4
 Hailstorm                Conj/Ice       100%       3d20      0%          4
 Ice Form                 Ice/Tmut       100%       N/A       0%          4
 Iskenderun's Mystic Bla  Conj/Tloc      100%       2d19      0%          4
 Leda's Liquefaction      Hex/Erth       62%        N/A       0%          4
 Petrify                  Tmut/Erth      100%       N/A       0%          4
 Sticky Flame             Conj/Fire      100%       2d11      0%          4
 Summon Ice Beast         Ice/Summ       100%       N/A       0%          4
 Agony                    Necr           100%       N/A       0%          5
 Borgnjor's Vile Clutch   Necr/Erth      69%        N/A       0%          5
 Excruciating Wounds      Necr           64%        N/A       0%          5
 Fireball                 Conj/Fire      73%        3d27      0%          5
 Irradiate                Conj/Tmut      64%        3d34      0%          5
 Iskenderun's Battlesphe  Conj           100%       2d15      0%          5
 Metabolic Englaciation   Hex/Ice        62%        N/A       0%          5
 Iron Shot                Conj/Erth      73%        9d13      0%          6
 Simulacrum               Ice/Necr       69%        N/A       0%          6
 Starburst                Conj/Fire      73%        8x6d19    0%          6
 Orb of Destruction       Conj           73%        9d19      0%          7
 Ozocubu's Refrigeration  Ice            73%        4d19      0%          7
 Blink                    Tloc           N/A        N/A       1%          2
 Call Imp                 Summ           61%        N/A       1%          2
 Poisonous Vapours        Pois/Air       100%       N/A       1%          2
 Slow                     Hex            93%        N/A       1%          2
 Swiftness                Air            61%        N/A       1%          2
 Call Canine Familiar     Summ           61%        N/A       1%          3
 Confusing Touch          Hex            93%        N/A       1%          3
 Gell's Gravitas          Tloc           30%        N/A       1%          3
 Lesser Beckoning         Tloc           30%        N/A       1%          3
 Mephitic Cloud           Conj/Pois/Air  100%       N/A       1%          3
 Portal Projectile        Hex/Tloc       100%       N/A       1%          3
 Spider Form              Tmut/Pois      43%        N/A       1%          3
 Summon Guardian Golem    Hex/Summ       78%        N/A       1%          3
 Teleport Other           Tloc           61%        N/A       1%          3
 Tukima's Dance           Hex            93%        N/A       1%          3
 Airstrike                Air            30%        N/A       1%          4
 Cause Fear               Hex            46%        N/A       1%          4
 Olgreb's Toxic Radiance  Pois           61%        N/A       1%          4
 Passage of Golubria      Tloc           N/A        N/A       1%          4
 Summon Lightning Spire   Summ/Air       61%        N/A       1%          4
 Alistair's Intoxication  Tmut/Pois      57%        N/A       1%          5
 Hydra Form               Tmut           52%        N/A       1%          5
 Lightning Bolt           Conj/Air       58%        1d80      1%          5
 Silence                  Hex/Air        39%        N/A       1%          5
 Summon Mana Viper        Hex/Summ       78%        N/A       1%          5
 Yara's Violent Unravell  Hex/Tmut       49%        3d19      1%          5
 Blade Hands              Tmut           52%        N/A       1%          6
 Conjure Ball Lightning   Conj/Air       58%        3x3d21    1%          6
 Death Channel            Necr           64%        N/A       1%          6
 Eringya's Noxious Bog    Tmut/Pois      43%        N/A       1%          6
 Freezing Cloud           Conj/Ice/Air   64%        6-21      1%          6
 Spellforged Servitor     Conj/Summ      58%        N/A       1%          7
 Borgnjor's Revivificati  Necr           64%        N/A       1%          8
 Infestation              Necr           64%        N/A       1%          8
 Dragon Form              Tmut           52%        N/A       2%          7
 Haunt                    Necr/Summ      51%        N/A       4%          7
 Manifold Assault         Tloc           61%        N/A       6%          5
 Summon Forest            Summ/Tloc      30%        N/A       6%          5
 Dispersal                Tloc           30%        N/A       28%         6
 Shadow Creatures         Summ           N/A        N/A       28%         6
 Discord                  Hex            46%        N/A       63%         8
 Malign Gateway           Summ/Tloc      30%        N/A       82%         7
 Monstrous Menagerie      Summ           30%        N/A       82%         7
 Summon Hydra             Summ           30%        N/A       82%         7
 Disjunction              Tloc           30%        N/A       100%        8
 Summon Horrible Things   Summ           30%        N/A       100%        8
 Dragon's Call            Summ           30%        N/A       100%        9
 Tornado                  Air            30%        N/A       100%        9
 Sublimation of Blood     Necr           Unusable   N/A       N/A         2
 Statue Form              Tmut/Erth      Unusable   N/A       N/A         6

Dungeon Overview and Level Annotations

Branches:
Dungeon (15/15)            Temple (1/1) D:6            Lair (6/6) D:11
  Swamp (4/4) Lair:3       Spider (4/4) Lair:4        Slime (5/5) Lair:5
    Orc (2/2) D:11            Elf (3/3) Orc:2        Vaults (5/5) D:14
  Crypt (3/3) Vaults:2       Tomb (0/3) Crypt:3      Depths (5/5) D:15
    Zot (5/5) Depths:5      Sewer (visited)           IceCv (visited)
Volcano (visited)         Gauntlet (visited)

Altars:
Ashenzari
Cheibriados
Dithmenos
Elyvilon
Fedhas
Gozag
Hepliaklqana
Kikubaaqudgha
Nemelex Xobeh
Okawaru
Ru
Sif Muna
Trog
Vehumet
Xom
Yredelemnul
The Shining One
Beogh
Jiyva
Lugonu

Shops:
D:7 *   D:8 :   D:9 ??[   D:10 [(*(   D:15 *   Orc:2 *?:([   Depths:3 =:=
Depths:5 [*?(

Portals:
Hell: Depths:1 Depths:2 Depths:3 Depths:4 Depths:5
Abyss: Depths:1 Depths:3 Depths:4 Depths:5
Pandemonium: Orc:2 Depths:1 Depths:2 Depths:3

Annotations:
D:5 2 transporters
D:7 2 transporters, arembeh's ghost, novice MiGl
Elf:2 5 runed translucent doors
Depths:2 2 transporters
Depths:3 1 transporter


Innate Abilities, Weirdness & Mutations

Your stone body is resilient. (AC +20)
You are immune to poison.
Your large and strong wings let you fly.
You resist negative energy. (rN+)
You are resistant to electric shocks. (rElec)
You are resistant to unholy torment.
You can survive without breathing.
You are immune to petrification.
You possess an exceptional clarity of mind.
You are clumsy. (Dex -2)
Your flesh is cold resistant. (rC+)
You are strong-willed. (Will+)
You are somewhat resistant to further mutation.
You are robust. (+10% HP)


Message History

Yzef tramples you but does no damage.
The Killer Klown kneecaps you but does no damage.
Dulofojef gestures.
Dulofojef's surroundings become eerily quiet.
The Killer Klown blinks!
Isieto engulfs you!!
* * * LOW HITPOINT WARNING * * *
The ball lightning explodes!
The blast of lightning engulfs Lolearus.
Lolearus resists.
The blast of lightning engulfs Boumn.
Boumn resists.
The blast of lightning engulfs the iron troll!
The blast of lightning engulfs the ball lightning.
The ball lightning completely resists.
The blast of lightning engulfs the eleionoma!
The blast of lightning engulfs you but does no damage.
The blast of lightning engulfs Zihid!
The blast of lightning engulfs the ball lightning.
The ball lightning completely resists.
The blast of lightning engulfs Waecaxix but does no damage.
The blast of lightning engulfs Oskior.
Oskior resists.
The blast of lightning engulfs Kyl Doupp!
The blast of lightning engulfs Cuph!
Waecaxix calls on the powers of darkness!
Your body is wracked with pain!
* * * LOW HITPOINT WARNING * * *
The cyan very ugly thing convulses!
The Killer Klown convulses! x4
The fenstrider witch convulses!
The green ugly thing convulses!
The shadow dragon convulses!
The fire giant convulses!
The redback convulses!
The iron troll convulses!
The stone giant convulses!
The eleionoma convulses!
The Killer Klown convulses!
The eleionoma convulses!
The cyan very ugly thing convulses!
The shadow dragon convulses!
The green very ugly thing convulses!
The deep troll convulses!
The sea snake convulses!
The swamp dragon convulses!
The fire dragon convulses!
The moth of wrath convulses!
The death yak convulses! x2
The eleionoma convulses!
The iron giant convulses!
The fire dragon convulses!
The quicksilver dragon convulses!
The red very ugly thing convulses!
The shadow dragon convulses!
The storm dragon convulses!
The bunyip convulses!
The yaktaur convulses!
The fenstrider witch convulses!
The Killer Klown convulses! x2; The azure jelly convulses!
Odagufeo blinks!
Cuph hits you!!
You die...

▓.................▓▓
......J&...........▓▓
...p...c............▓▓
..DD..CR.............▓▓
.YYyuS*&&*............▓▓
2uDupR&&T*.............▓
p&§Du&p&&...............
&p&pu&&@&&.............∩
YC&&&Hp&&...............
.4&R&&tCs..............▓
&..Dt&1&..T..&........▓▓
..DD.D.22............▓▓
..pH.§.x............▓▓
.&.................▓▓
▓.................▓▓


You could see an iron giant, Boumn, Bygaf, Caddos, Cuph, Dulofojef (silencing),
Iqoodd, Isieto, Jiocsuot, Kyl Doupp (fast), Lolearus, Monofal, Niatramp,
Odagufeo, Omifoming, Oskior, Osunoymi, Ownym (wandering), Pawuast, Ralos
(invisible), Tisosch, Voymovet (silencing), Waecaxix, Weidirch, Yffij, Yqail,
Yzef, Zeqioch, Zihid (silencing), 8 Killer Klowns, a Hell Sentinel (summoned), 3
shadow dragons, a dire elephant, a storm dragon, 4 very ugly things, a fire
giant, 2 fire dragons, a quicksilver dragon shaped shifter, an iron troll, a
stone giant, an azure jelly, a bunyip shaped shifter, 2 eleionomae, an eleionoma
shaped shifter, 2 death yaks, a lorocyproca (summoned, invisible), a swamp
dragon shaped shifter, a green ugly thing, 2 fenstrider witches, a sea snake, a
deep troll shaped shifter, a shadow demon (summoned), 2 apocalypse crabs, a moth
of wrath shaped shifter, a hellwing (summoned), a yaktaur shaped shifter, a
hellion (wandering), a redback shaped shifter and 3 ball lightnings.

Vanquished Creatures
  the Royal Jelly (Slime:5)
  13 ancient liches
  27 dread liches
  Mennas (Vaults:5)
  Mara (Depths:1)
  29 juggernauts
  12 orbs of fire
  6 royal mummies
  Boris (thrice) (Vaults:5 Crypt:2 Depths:2)
  18 pandemonium lords
  the Lernaean hydra (Swamp:4)
  27 Killer Klowns
  9 shard shrikes
  Xtahua (Crypt:1)
  2 curse toes (Zot:4)
  Saint Roka (Depths:1)
  The ghost of Qyacw the Fencer, a veteran GnWn of Qazlal (Depths:2)
  16 caustic shrikes
  Margery (Crypt:2)
  17 golden dragons
  4 profane servitors
  9 pearl dragons
  24 bone dragons
  10 Brimstone Fiends
  21 hellephants
  2 doom hounds (Zig:8)
  8 Tzitzimimeh
  3 electric golems
  Jorgrun (Orc:2)
  9 Hell Sentinels
  23 Ice Fiends
  19 iron giants
  32 tentacled monstrosities
  23 deep elf blademasters
  25 Orb Guardians (Zot:5)
  2 quicksilver dragons (shapeshifter)
  7 quicksilver dragons
  14 liches
  Asterion (Depths:1)
  33 titans
  6 sphinxes
  16 deep elf master archers
  Frances (D:14)
  A sphinx (shapeshifter) (Zig:15)
  Gastronok (D:10)
  27 ancient champions
  7 death cobs
  68 acid blobs
  37 tentacled starspawn
  3 thorn hunters
  Agnes (Spider:3)
  Kirke (Swamp:4)
  2 shadow dragons (shapeshifter) (Zig:15)
  9 Executioners
  Roxanne (Spider:4)
  16 storm dragons
  24 rockslimes
  5 daevas
  16 tengu reavers
  11 shadow dragons
  3 azure jellies (shapeshifter)
  39 nagarajas
  41 fire giants
  23 draconian monks
  3 fenstrider witches
  15 revenants
  34 azure jellies
  40 frost giants
  An iron dragon (Vaults:5)
  2 juggernaut zombies
  21 vault wardens
  19 orc warlords
  43 draconian knights
  2 frost giants (shapeshifter)
  20 draconian shifters
  18 deep elf sorcerers
  12 cacodemons
  30 emperor scorpions
  36 ghost moths
  29 balrugs
  16 curse skulls
  7 black suns
  5 spectral caustic shrikes (Depths:1)
  Aizul (Vaults:3)
  4 warmongers
  Louise (Swamp:1)
  An emperor scorpion (shapeshifter) (Zig:20)
  5 deep elf elementalists
  9 caustic shrike zombies
  15 draconian annihilators
  10 ghouls
  2 angels
  20 draconian scorchers
  27 ironbound preservers
  A spriggan defender (Depths:5)
  31 draconian stormcallers
  7 ophanim
  22 quicksilver oozes
  50 very ugly things
  4 caustic shrike skeletons
  30 reapers
  11 apis
  2 juggernaut skeletons
  16 black draconians
  32 vampire knights
  37 entropy weavers
  16 war gargoyles
  The ghost of Peim the Cleaver, a journeyman MiBe of Trog (Lair:2)
  18 corrupters
  8 lorocyprocas
  46 stone giants
  17 green draconians
  11 blood saints (Zig:25)
  4 dire elephants (shapeshifter)
  21 deep elf demonologists
  2 bennus (Zig:14)
  2 entropy weavers (shapeshifter)
  26 red draconians
  15 purple draconians
  25 deep elf annihilators
  11 bunyips
  13 yellow draconians
  34 dire elephants
  A spark wasp (shapeshifter) (Zig:20)
  A minotaur (Gauntlet)
  16 white draconians
  18 spark wasps
  4 mummy priests
  29 ettins
  2 salamander tyrants (Zig:18)
  6 jiangshi
  A crystal guardian (Zig:13)
  A merfolk javelineer (Zig:16)
  23 green deaths
  26 deep elf death magi
  35 eidola
  28 blizzard demons
  15 eleionomae
  2 pearl dragon zombies (Crypt:1)
  17 fire dragons
  An eleionoma (shapeshifter) (Zig:20)
  2 merfolk impalers (Zig:16)
  5 ironbound thunderhulks
  A fire dragon (shapeshifter) (Zig:20)
  3 quicksilver dragon zombies
  A great orb of eyes (shapeshifter) (Zig:20)
  Harold (D:9)
  7 boulder beetles
  22 deep elf high priests
  37 yaktaur captains
  13 rakshasas
  12 shambling mangroves
  5 hell beasts
  13 naga warriors
  31 great orbs of eyes
  Erolcha (Orc:1)
  8 spriggan air magi
  A juggernaut simulacrum (Zig:15)
  2 anacondas (shapeshifter) (Vaults:5)
  6 ogre magi
  3 quicksilver dragon skeletons
  35 vault guards
  22 ice dragons
  12 anacondas
  4 death knights
  7 ghost crabs
  75 hydras
  2 peacekeepers
  14 catoblepae
  7 deep troll shamans
  7 merfolk aquamancers
  8 ironbound frosthearts
  20 centaur warriors
  28 dancing weapons
  26 death yaks
  A fenstrider witch skeleton (Crypt:2)
  2 two-headed ogres (shapeshifter)
  An alligator (shapeshifter) (Zig:15)
  2 satyrs (shapeshifter)
  14 alligators
  3 satyrs
  An alligator snapping turtle (shapeshifter) (Zig:20)
  17 hell hogs
  5 tengu warriors
  14 two-headed ogres
  24 orc high priests
  6 deep troll earth magi
  4 death scarabs
  3 titan zombies
  7 shock serpents
  5 ironbound beastmasters
  29 hell knights
  11 spriggans
  4 spriggan berserkers (Depths:5)
  20 deep elf knights
  39 thrashing horrors
  13 naga sharpshooters
  13 soul eaters
  33 vampire magi
  4 storm dragon zombies
  The ghost of nj0rd12 the Stinger, a novice GrVM of Nemelex Xobeh (D:9)
  47 wretched stars
  6 fire crabs
  12 sixfirhies
  A sea snake (shapeshifter) (Zig:19)
  2 sun demons (Zig:15)
  12 iron trolls
  15 spatial maelstroms
  A goliath frog (shapeshifter) (Zig:15)
  10 shadow wraiths
  2 storm dragon skeletons (Zig:26)
  55 deep trolls
  28 skeletal warriors
  20 flayed ghosts
  13 glowing orange brains
  An infernal demonspawn (Zig:25)
  2 anaconda zombies
  9 golden dragon zombies
  26 spriggan druids
  A deep troll (shapeshifter) (Zig:6)
  5 salamander mystics
  5 goliath frogs
  6 orange crystal statues
  A glowing orange brain (shapeshifter) (Zig:19)
  9 death drakes
  3 iron trolls (shapeshifter)
  25 swamp dragons
  6 shadow dragon zombies
  A swamp dragon (shapeshifter) (Zig:3)
  5 sea snakes (Zig:16)
  4 gelid demonspawn
  7 shadow demons
  6 cherubim
  35 phantasmal warriors
  2 torturous demonspawn
  4 obsidian statues
  16 bog bodies
  3 golden dragon skeletons
  6 tengu zombies
  87 starcursed masses
  10 naga ritualists
  2 lindwurms (shapeshifter)
  6 lindwurms
  30 ironbound convokers
  19 orc knights
  43 deep elf zephyrmancers
  24 deep elf archers
  A wolf spider zombie (Crypt:3)
  15 wizards
  Pikel (D:7)
  5 harpies (Vaults:2)
  2 oklob plants
  4 iron dragon zombies
  25 necromancers
  57 deep elf pyromancers
  A fire giant zombie (Crypt:3)
  6 sphinx zombies
  7 mana vipers
  An orb spider (shapeshifter) (Zig:20)
  70 wolf spiders
  A mana viper (shapeshifter) (Zig:8)
  23 orc sorcerers
  50 ugly things
  56 orb spiders
  10 worldbinders
  A faun (shapeshifter) (Zig:17)
  A faun (Zig:3)
  15 shining eyes
  8 will-o-the-wisps
  11 manticores
  2 shining eyes (shapeshifter)
  9 salamanders
  2 frost giant zombies (Crypt:1)
  4 sphinx skeletons
  2 elephants (shapeshifter)
  5 tengu skeletons
  108 large abominations
  3 cyclopes (shapeshifter)
  16 cyclopes
  3 dire elephant zombies
  48 black mambas
  2 fire giant skeletons
  4 apis skeletons (Crypt:1)
  2 stone giant skeletons
  5 ice statues
  4 merfolk sirens (Zig:16)
  15 elephants
  23 guardian serpents
  14 rust devils
  A moth of wrath (shapeshifter) (Zig:23)
  4 water nymphs (Zig:16)
  23 apocalypse crabs
  A frost giant skeleton (Crypt:3)
  A guardian serpent (shapeshifter) (D:13)
  53 moths of wrath
  32 vault sentinels
  26 naga magi
  2 iron dragon skeletons (Zig:26)
  An eye of devastation (shapeshifter) (Zig:8)
  13 eyes of devastation
  A shock serpent zombie (Abyss:2)
  A titan simulacrum (Zig:26)
  12 hellions
  2 molten gargoyles (Volcano)
  4 torpor snails (shapeshifter)
  48 smoke demons
  41 cane toads
  7 unseen horrors
  13 orange demons
  21 torpor snails
  31 rime drakes
  37 demonic crawlers
  5 spriggan zombies
  A storm dragon simulacrum (Zig:26)
  11 efreet
  2 centaur skeletons (D:15)
  A catoblepas zombie (Crypt:3)
  26 komodo dragons
  25 ice devils
  19 freezing wraiths
  A redback zombie (D:15)
  38 yaktaurs
  32 ancient zymes
  6 tengu conjurers
  18 tormentors
  A golden dragon simulacrum (Zig:26)
  29 hellwings
  A black draconian skeleton (Crypt:2)
  A harpy zombie (Crypt:3)
  A green draconian skeleton (Crypt:1)
  18 guardian mummies
  8 red devils
  A silent spectre (Zig:8)
  61 jumping spiders
  A wolf spider simulacrum (D:15)
  2 merfolk (shapeshifter)
  A meliai (shapeshifter) (Depths:5)
  19 polar bears
  A queen bee (shapeshifter) (Zig:25)
  11 meliai
  11 merfolk (Zig:16)
  2 bloated husks
  17 tyrant leeches
  A wind drake (shapeshifter) (Zig:20)
  2 polar bears (shapeshifter)
  Grinder (D:3)
  3 trolls (shapeshifter)
  62 raiju
  A blink frog (shapeshifter) (D:15)
  A harpy skeleton (Crypt:3)
  7 trolls
  Prince Ribbit (D:7)
  3 dream sheep (shapeshifter)
  A wind drake (Zig:16)
  48 hornets
  2 hydra skeletons
  A sphinx simulacrum (Zig:15)
  A deep troll zombie (Depths:1)
  A raiju (shapeshifter) (Zig:22)
  An ice dragon zombie (Crypt:3)
  28 blink frogs
  143 slime creatures
  3 dream sheep (Zig:24)
  4 snapping turtles (Zig:16)
  3 fire dragon zombies
  A slime creature (shapeshifter) (Zig:19)
  An ice dragon skeleton (Crypt:2)
  27 flying skulls
  7 air elementals
  A spriggan simulacrum (Zig:14)
  3 alligator skeletons
  6 elf skeletons
  3 redbacks (shapeshifter)
  17 water elementals
  3 vampires
  92 redbacks
  A spriggan (shapeshifter) (Zig:20)
  10 shadows
  66 yaks
  A guardian serpent skeleton (Crypt:2)
  50 tarantellas
  An ettin skeleton (Depths:1)
  25 ynoxinuls
  A hog (shapeshifter) (Depths:3)
  3 hogs (Swamp:4)
  26 wraiths
  18 wyverns
  6 spriggan skeletons
  4 ushabtiu
  2 fire bats
  27 fire elementals
  A human (shapeshifter) (Zig:27)
  Grum (D:10)
  14 basilisks
  2 black mamba skeletons
  17 golden eyes
  21 chaos spawn
  7 spatial vortices
  15 two-headed ogre zombies (Orc:1)
  14 wargs
  2 acid dragons (D:9)
  33 neqoxecs
  8 vampire mosquitoes
  46 water moccasins
  A swamp worm (shapeshifter) (Zig:8)
  14 nagas
  A cane toad zombie (Crypt:3)
  14 hell hounds
  22 swamp worms
  4 floating eyes
  A hydra simulacrum (Lair:2)
  4 floating eyes (shapeshifter)
  A cane toad skeleton (Crypt:3)
  73 orc warriors
  A sky beast (shapeshifter) (Vaults:5)
  11 swamp drakes
  A meliai simulacrum (D:14)
  A snapping turtle zombie (Crypt:1)
  16 ice beasts
  Purgy (Sewer)
  8 necrophages
  4 sky beasts
  25 ogres
  5 boggarts
  A snapping turtle skeleton (Crypt:1)
  A blink frog skeleton (Crypt:2)
  11 centaurs
  61 wolves
  2 phantoms
  A torpor snail zombie (Crypt:1)
  6 kobold brigands
  2 elf simulacra
  9 elf zombies
  10 bullfrogs
  2 gnoll sergeants
  A draconian zombie (Crypt:1)
  5 glowing shapeshifter simulacra
  Dowan (D:7)
  A cane toad simulacrum (Lair:2)
  2 tengu simulacra
  A palentonga skeleton (Crypt:2)
  A scorpion (shapeshifter) (Zig:20)
  9 earth elementals
  60 small abominations
  A wyvern zombie (D:6)
  A water moccasin skeleton (D:5)
  7 wyvern skeletons
  2 water moccasin zombies
  2 scorpions
  An elephant simulacrum (Lair:2)
  4 killer bees
  21 wights
  A polar bear skeleton (Crypt:1)
  8 electric eels
  4 howler monkeys
  2 vampire bats (D:3)
  3 centaur zombies
  2 lava snakes
  A komodo dragon simulacrum (Lair:2)
  33 orc priests
  5 hounds
  2 jellies
  4 quasits
  6 iron imps
  Crazy Yiuf (D:7)
  2 gnoll shamans
  3 iguanas
  Jessica (D:3)
  A scorpion zombie (Crypt:1)
  12 orc wizards
  10 hell rats
  A human skeleton (Abyss:3)
  A polar bear simulacrum (Lair:4)
  A yak simulacrum (Lair:4)
  5 wolf simulacra
  A dwarf zombie (Crypt:2)
  23 mummies
  A howler monkey zombie (D:8)
  9 adders
  15 gnolls
  2 shadow imps
  16 white imps
  6 ufetubi
  An adder zombie (D:5)
  An adder skeleton (D:4)
  An iguana skeleton (Crypt:1)
  2 worms (D:2)
  A dart slug (D:1)
  65 orcs
  10 bats
  9 endoplasms
  9 giant cockroaches
  7 hobgoblins
  7 jackals (D:2)
  30 kobolds
  3 quokkas
  5 ball pythons
  3 frilled lizards
  11 goblins
  A kobold simulacrum (Abyss:4)
  5 rats
  5 river rat simulacra (Lair:4)
  56 blocks of ice
  62 fire vortices
  2 lurking horrors
  20 starspawn tentacles
6574 creatures vanquished.

Vanquished Creatures (collateral kills)
  A Killer Klown (Zig:2)
  A hellephant (Zig:24)
  A lich (Depths:1)
  A pandemonium lord (Zig:20)
  4 acid blobs
  2 azure jellies
  2 fire giants
  2 rockslimes
  2 frost giants
  A very ugly thing (Depths:1)
  A merfolk javelineer (Zig:3)
  An eidolon (Zig:4)
  2 great orbs of eyes
  2 shining eyes
  A rime drake (Zig:4)
  3 slime creatures
  A yak (Zig:4)
  Duvessa (D:7)
  An ice beast (Zig:15)
  A hound (D:7)
  A mummy (Zig:14)
  2 gnolls (D:7)
34 creatures vanquished.

Vanquished Creatures (others)
  A juggernaut (Zig:23)
  Nikola (Spider:2)
  2 war gargoyles
  A hell hog (Depths:5)
  2 yaktaurs (Vaults:3)
  A demonic crawler (Zig:25)
  3 polar bears (IceCv)
  2 blink frogs
  2 redbacks (Spider:2)
  3 yaks (IceCv)
  A fire elemental (Zot:1)
  A vampire mosquito (Swamp:1)
  A water moccasin (Zig:10)
  2 wolves (IceCv)
  A small abomination (Abyss:4)
  A jelly (Abyss:2)
  An orc wizard (Orc:2)
  A ball lightning (Zig:26)
  70 blocks of ice
  237 fire vortices
  4 foxfires
  47 fungi
  A lurking horror (Abyss:2)
  110 plants
  14 starspawn tentacles
  17 withered plants (Crypt:3)
527 creatures vanquished.

Grand Total: 7135 creatures vanquished

Notes
Turn   | Place    | Note
-------+----------+-------------------------------------------
     0 | D:1      | prajmer the Gargoyle Earth Elementalist began the quest for
                  | the Orb.
     0 | D:1      | Reached XP level 1. HP: 10/10 MP: 3/3
   324 | D:1      | Reached XP level 2. HP: 15/15 MP: 3/5
  1060 | D:1      | Reached XP level 3. HP: 15/19 MP: 1/6
  1064 | D:1      | Learned a level 3 spell: Stone Arrow
  2021 | D:2      | Reached skill level 1 in Conjurations
  2021 | D:2      | Reached XP level 4. HP: 22/24 MP: 1/8
  3065 | D:3      | Reached skill level 5 in Earth Magic
  3343 | D:3      | Noticed Grinder
  3356 | D:3      | Killed Grinder
  3357 | D:3      | Reached XP level 5. HP: 12/28 MP: 0/10
  3357 | D:3      | Reached XP level 6. HP: 14/32 MP: 0/11
  3604 | D:3      | Found an iron altar of Okawaru.
  3625 | D:3      | You fall into a shaft and drop 2 floors!
  3625 | D:5      | Entered Level 5 of the Dungeon
  3626 | D:5      | Noticed a necrophage
  3629 | D:5      | Killed a necrophage
  3748 | D:5      | Reached XP level 7. HP: 30/36 MP: 9/13
  4313 | D:3      | Noticed Jessica
  4315 | D:3      | Killed Jessica
  4530 | D:3      | Reached skill level 5 in Spellcasting
  4692 | D:3      | Reached XP level 8. HP: 31/41 MP: 8/15
  4697 | D:3      | Reached skill level 5 in Conjurations
  5040 | D:3      | Reached skill level 1 in Armour
  5162 | D:3      | Learned a level 5 spell: Lee's Rapid Deconstruction
  5204 | D:4      | Reached skill level 1 in Fighting
  5204 | D:4      | Reached skill level 1 in Maces & Flails
  5204 | D:4      | Reached skill level 1 in Evocations
  6485 | D:5      | Found a transporter.
  6488 | D:5      | Noticed a kobold demonologist
  6504 | D:5      | Found a transporter.
  6787 | D:5      | Reached XP level 9. HP: 41/49 MP: 13/17
  7304 | D:6      | Found a glowing drain.
  7348 | Sewer    | Entered a sewer
  7413 | Sewer    | Noticed Purgy
  7416 | Sewer    | Killed Purgy
  7639 | D:6      | Found a staircase to the Ecumenical Temple.
  7655 | Temple   | Entered the Ecumenical Temple
  7661 | Temple   | Became a worshipper of Vehumet
  8389 | D:7      | Noticed a manticore
  8398 | D:7      | Killed a manticore
  8667 | D:7      | Found a transporter.
  8667 | D:7      | Noticed arembeh's ghost (novice MiGl)
  8669 | D:7      | Found a transporter.
  8711 | D:7      | Noticed Dowan
  8713 | D:7      | Noticed Duvessa
  8722 | D:7      | Killed Duvessa
  8782 | D:7      | Killed Dowan
  9025 | D:7      | Reached XP level 10. HP: 52/56 MP: 19/19
  9381 | D:7      | Noticed Pikel
  9385 | D:7      | Killed Pikel
  9411 | D:7      | Noticed Prince Ribbit
  9437 | D:7      | Killed Prince Ribbit
  9695 | D:7      | Found Kebaugy's Serpentskin Sales.
  9696 | D:7      | Reached * piety under Vehumet
  9696 | D:7      | Offered knowledge of Shock by Vehumet.
  9747 | D:7      | Found a sparkling altar of Nemelex Xobeh.
  9748 | D:7      | Found a snail-covered altar of Cheibriados.
  9748 | D:7      | Found a shimmering altar of Xom.
  9895 | D:7      | Found a runed translucent door.
  9896 | D:7      | Noticed Crazy Yiuf
  9902 | D:7      | Killed Crazy Yiuf
 10093 | D:8      | You fall into a shaft and drop 3 floors!
 10093 | D:11     | Found a sacrificial altar of Ru.
 10111 | D:11     | Noticed a boulder beetle
 10136 | D:11     | Killed a boulder beetle
 10211 | D:10     | Entered Level 10 of the Dungeon
 10213 | D:10     | Found Fibbi's Antique Weapon Boutique.
 10269 | D:10     | Noticed Grum
 10273 | D:10     | Killed Grum
 10612 | D:10     | Reached skill level 5 in Armour
 10714 | D:9      | Reached skill level 5 in Fighting
 10730 | D:8      | HP: 1/59 [wyvern (11)]
 11030 | D:8      | Reached ** piety under Vehumet
 11232 | D:8      | Found Pis Hoti's Book Shop.
 11260 | D:8      | Found a white marble altar of Elyvilon.
 11294 | D:8      | Found an iron altar of Okawaru.
 11312 | D:8      | Found a blossoming altar of Fedhas.
 11326 | D:8      | Found a glowing golden altar of the Shining One.
 11498 | D:8      | Offered knowledge of Foxfire by Vehumet.
 11502 | D:8      | Reached XP level 11. HP: 42/63 MP: 11/21
 12216 | D:9      | Found Doesh's Magic Scroll Emporium.
 12224 | D:9      | Bought a scroll of identify for 26 gold pieces
 12224 | D:9      | Bought a scroll of identify for 26 gold pieces
 12224 | D:9      | Bought a scroll of identify for 26 gold pieces
 12224 | D:9      | Bought a scroll of identify for 26 gold pieces
 12227 | D:9      | Bought a scroll of blinking for 97 gold pieces
 12227 | D:9      | Bought a scroll of blinking for 97 gold pieces
 12239 | D:9      | Noticed Harold
 12252 | D:9      | Killed Harold
 12764 | D:9      | Found a broken altar of Ashenzari.
 12764 | D:9      | Found a hazy altar of Hepliaklqana.
 12802 | D:9      | Found Filotzeke's Armour Shoppe.
 12891 | D:9      | Noticed a frost giant
 12896 | D:9      | Found a runed translucent gate.
 12896 | D:9      | Found a runed translucent gate.
 12896 | D:9      | Found a runed translucent gate.
 12898 | D:9      | Found Age Pena's Magic Scroll Shop.
 12899 | D:9      | Noticed nj0rd12's ghost (novice GrVM)
 12921 | D:9      | Bought a scroll of identify for 30 gold pieces
 12921 | D:9      | Bought a scroll of identify for 30 gold pieces
 13199 | D:10     | Reached skill level 5 in Maces & Flails
 13255 | D:10     | Noticed a two-headed ogre
 13263 | D:10     | Killed a two-headed ogre
 13404 | D:10     | Found Jipiull's Assorted Antiques.
 13881 | D:10     | Found Vumm's Armour Shop.
 14051 | D:10     | Noticed a two-headed ogre
 14059 | D:10     | Killed a two-headed ogre
 14060 | D:10     | Reached skill level 5 in Dodging
 14062 | D:10     | Offered knowledge of Ignite Poison by Vehumet.
 14201 | D:10     | Found Touqifai's Antique Weapon Shoppe.
 14208 | D:10     | Noticed Gastronok
 14225 | D:10     | Killed Gastronok
 14226 | D:10     | Reached skill level 5 in Evocations
 14750 | D:11     | Reached skill level 10 in Earth Magic
 14837 | D:11     | Noticed a two-headed ogre
 14841 | D:11     | Killed a two-headed ogre
 15047 | D:11     | Noticed a manticore
 15058 | D:11     | Killed a manticore
 15452 | D:11     | Reached XP level 12. HP: 58/71 MP: 17/23
 15526 | D:11     | Found a staircase to the Lair.
 15605 | D:11     | Found a staircase to the Orcish Mines.
 15899 | D:12     | Noticed a two-headed ogre
 15907 | D:12     | Killed a two-headed ogre
 16150 | D:12     | Reached *** piety under Vehumet
 16529 | D:12     | Found a white marble altar of Elyvilon.
 17097 | D:13     | Noticed an eight-headed hydra
 17102 | D:13     | Killed an eight-headed hydra
 17380 | D:13     | Noticed a two-headed ogre
 17385 | D:13     | Killed a two-headed ogre
 17390 | D:13     | Noticed a two-headed ogre
 17395 | D:13     | Killed a two-headed ogre
 17400 | D:13     | Reached XP level 13. HP: 65/78 MP: 6/25
 17406 | D:13     | Found a frozen archway.
 17411 | IceCv    | Entered an ice cave
 17843 | IceCv    | Offered knowledge of Sticky Flame by Vehumet.
 18491 | IceCv    | Reached **** piety under Vehumet
 18497 | IceCv    | Reached skill level 10 in Conjurations
 18607 | IceCv    | Offered knowledge of Lightning Bolt by Vehumet.
 19378 | IceCv    | Noticed a white draconian
 19386 | IceCv    | Killed a white draconian
 20550 | D:14     | Noticed an ironbound preserver
 20551 | D:14     | Found a gate to the Vaults.
 20579 | D:14     | Killed an ironbound preserver
 20754 | D:14     | Gained mutation: Your large and strong wings let you fly.
                  | [Gargoyle growth]
 20754 | D:14     | Reached XP level 14. HP: 74/86 MP: 13/27
 21173 | D:14     | Found a shadowy altar of Dithmenos.
 21214 | D:14     | Found a snail-covered altar of Cheibriados.
 21305 | D:14     | Reached ***** piety under Vehumet
 21305 | D:14     | Offered knowledge of Orb of Destruction by Vehumet.
 21934 | D:14     | Noticed Frances
 21948 | D:14     | Killed Frances
 22344 | Lair:1   | Entered Level 1 of the Lair of Beasts
 22357 | Lair:1   | Reached skill level 10 in Fighting
 22568 | D:8      | Bought a book of Power for 495 gold pieces
 22575 | D:8      | Learned a level 6 spell: Iron Shot
 22581 | D:8      | Learned a level 5 spell: Bolt of Magma
 23462 | D:10     | Bought a pair of ichor-stained boots for 285 gold pieces
 23462 | D:10     | Identified the +0 pair of boots of the Armadillo {rF+++
                  | Regen+ MP+9 Slay-4} (You bought it in a shop on level 10 of
                  | the Dungeon)
 23689 | Lair:2   | Reached skill level 1 in Fire Magic
 23712 | Lair:2   | Offered knowledge of Eringya's Noxious Bog by Vehumet.
 24071 | Lair:2   | Noticed Peim's ghost (journeyman MiBe)
 24086 | Lair:2   | Found a runed translucent gate.
 24086 | Lair:2   | Found a runed translucent gate.
 24086 | Lair:2   | Found a runed translucent gate.
 24466 | Lair:2   | Reached skill level 10 in Spellcasting
 25275 | D:9      | Bought a scroll of immolation for 45 gold pieces
 25275 | D:9      | Bought a scroll of immolation for 45 gold pieces
 25275 | D:9      | Bought a scroll of teleportation for 39 gold pieces
 25454 | Lair:2   | Killed Peim's ghost
 25455 | Lair:2   | Reached XP level 15. HP: 57/92 MP: 13/29
 25630 | Lair:2   | Reached XP level 16. HP: 97/97 MP: 30/30
 25689 | Lair:3   | Identified Uvynuheg's Guide on the Volcanoes and
                  | Translocation
 25697 | Lair:3   | Learned a level 5 spell: Fireball
 26807 | Lair:3   | Found a staircase to the Swamp.
 27369 | Lair:4   | Found a gate leading to a gauntlet.
 27382 | Gauntlet | Entered a Gauntlet
 27382 | Gauntlet | Found a transporter.
 27382 | Gauntlet | Found a transporter.
 27449 | Gauntlet | Found a transporter.
 27449 | Gauntlet | Found a transporter.
 27469 | Gauntlet | Found a transporter.
 27469 | Gauntlet | Found a transporter.
 27470 | Gauntlet | Found a transporter.
 27473 | Gauntlet | Found a transporter.
 27500 | Gauntlet | Found a transporter.
 27507 | Gauntlet | Found a transporter.
 27527 | Gauntlet | Found a transporter.
 27564 | Gauntlet | Found a transporter.
 27574 | Gauntlet | Found a transporter.
 27590 | Gauntlet | Found a transporter.
 27690 | Gauntlet | Found a transporter.
 27706 | Gauntlet | Found a transporter.
 27849 | Gauntlet | Identified the ring "Ofulin" {Int+4 Dex+6}
 27947 | Gauntlet | Identified the +2 ring mail of Moufyan {-Cast rPois Will-
                  | Dex+8}
 28092 | Lair:4   | Found a dark tunnel.
 28100 | Volcano  | Entered a volcano
 28183 | Volcano  | Found a burning altar of Makhleb.
 28502 | Lair:4   | Reached skill level 10 in Maces & Flails
 28617 | Lair:4   | Offered knowledge of Conjure Ball Lightning by Vehumet.
 28693 | Lair:4   | Found a hole to the Spider Nest.
 30345 | Lair:5   | Found a staircase to the Slime Pits.
 30345 | Lair:5   | Found a viscous altar of Jiyva.
 30895 | Lair:6   | Entered Level 6 of the Lair of Beasts
 31602 | Lair:6   | Reached XP level 17. HP: 100/104 MP: 31/31
 31664 | Lair:6   | Offered knowledge of Ozocubu's Refrigeration by Vehumet.
 33499 | Orc:1    | Entered Level 1 of the Orcish Mines
 33902 | Orc:2    | Entered Level 2 of the Orcish Mines
 34012 | Orc:2    | Reached skill level 10 in Fire Magic
 34037 | Orc:2    | Found Kaucuj Ibbic's Magic Scroll Shop.
 34057 | Orc:2    | Offered knowledge of Irradiate by Vehumet.
 34140 | Orc:2    | Found Cayv Hirgh's General Store.
 34265 | Orc:2    | Noticed Jorgrun
 34273 | Orc:2    | Killed Jorgrun
 34821 | Orc:1    | Noticed Erolcha
 34830 | Orc:1    | Killed Erolcha
 35564 | Orc:2    | Learned a level 5 spell: Irradiate
 35928 | Orc:2    | Offered knowledge of Freezing Cloud by Vehumet.
 36050 | Orc:2    | Found Husumipn's Antique Weapon Shoppe.
 36050 | Orc:2    | Found Ototiont's Book Emporium.
 36051 | Orc:2    | Found a one-way gate leading to the halls of Pandemonium.
 36165 | Orc:2    | Found a staircase to the Elven Halls.
 36171 | Orc:2    | Found Idas's Antique Armour Shop.
 36398 | Orc:2    | Bought 3 scrolls of enchant weapon for 337 gold pieces
 36398 | Orc:2    | Bought a scroll of blinking for 112 gold pieces
 36398 | Orc:2    | Bought a scroll of enchant armour for 112 gold pieces
 36534 | D:15     | Entered Level 15 of the Dungeon
 37098 | D:15     | Reached XP level 18. HP: 112/112 MP: 12/33
 37390 | D:15     | Found Xutoulagh's Assorted Antiques.
 37398 | D:15     | Bought a potion of curing for 123 gold pieces
 37398 | D:15     | Bought a scroll of enchant weapon for 307 gold pieces
 37398 | D:15     | Bought a scroll of magic mapping for 143 gold pieces
 37398 | D:15     | Bought a potion of heal wounds for 205 gold pieces
 38112 | D:15     | Found a staircase to the Depths.
 38248 | D:15     | Found an opulent altar of Gozag.
 38509 | Swamp:1  | Entered Level 1 of the Swamp
 38510 | Swamp:1  | Upgraded the game from 0.27-a0-811-ga052575696 to
                  | 0.27-a0-824-gca8104f8d5
 38923 | Swamp:1  | Found a runed translucent door.
 39013 | Swamp:1  | Noticed Louise
 39032 | Swamp:1  | Killed Louise
 40099 | Swamp:1  | Reached skill level 10 in Dodging
 40442 | Swamp:1  | Learned a level 8 spell: Ignition
 41636 | Swamp:3  | Reached ****** piety under Vehumet
 42254 | Swamp:3  | Offered knowledge of Lehudib's Crystal Spear by Vehumet.
 42495 | Swamp:3  | Gained mutation: You are dopey. (Int -2) [potion of
                  | mutation]
 42495 | Swamp:3  | Gained mutation: Potions are less effective at restoring
                  | your health. [potion of mutation]
 42495 | Swamp:3  | Gained mutation: Your flesh is heat resistant. (rF+)
                  | [potion of mutation]
 42495 | Swamp:3  | Gained mutation: You are partially covered in iridescent
                  | scales. (AC +2) [potion of mutation]
 42939 | Swamp:4  | Entered Level 4 of the Swamp
 42987 | Swamp:4  | Reached XP level 19. HP: 94/116 MP: 18/34
 43134 | Swamp:4  | Noticed Kirke
 43156 | Swamp:4  | Killed Kirke
 43582 | Swamp:4  | Noticed the 27-headed Lernaean hydra
 43586 | Swamp:4  | Killed the 27-headed Lernaean hydra
 43593 | Swamp:4  | Got a decaying rune of Zot
 43796 | Swamp:4  | Reached skill level 15 in Fire Magic
 43962 | Swamp:4  | Identified the +0 chain mail of Biluen {rElec Str+3}
 44284 | Spider:1 | Entered Level 1 of the Spider Nest
 44310 | Spider:1 | Offered knowledge of Fire Storm by Vehumet.
 44310 | Spider:1 | Offered knowledge of Shatter by Vehumet.
 44310 | Spider:1 | Offered knowledge of Chain Lightning by Vehumet.
 44855 | Spider:2 | Noticed Nikola
 44937 | Spider:2 | Killed Nikola
 45071 | Spider:2 | Lost mutation: Your flesh is heat resistant. (rF+) [potion
                  | of mutation]
 45071 | Spider:2 | Lost mutation: You are partially covered in iridescent
                  | scales. (AC +2) [potion of mutation]
 45071 | Spider:2 | Gained mutation: You are robust. (+10% HP) [potion of
                  | mutation]
 46248 | Spider:3 | Noticed Agnes
 46257 | Spider:3 | Killed Agnes
 46939 | Spider:4 | Entered Level 4 of the Spider Nest
 46939 | Spider:4 | Noticed Roxanne
 46945 | Spider:4 | Killed Roxanne
 48017 | Spider:4 | Reached XP level 20. HP: 135/135 MP: 35/35
 48432 | Spider:4 | Reached skill level 15 in Earth Magic
 48953 | Spider:4 | Got a gossamer rune of Zot
 49319 | Elf:1    | Entered Level 1 of the Elven Halls
 49912 | Elf:1    | Identified the Guide on Conjuration
 51405 | Elf:2    | Found a huge runed translucent gate.
 51405 | Elf:2    | Found a huge runed translucent gate.
 51405 | Elf:2    | Found a huge runed translucent gate.
 51405 | Elf:2    | Found a huge runed translucent gate.
 51405 | Elf:2    | Found a huge runed translucent gate.
 51412 | Elf:2    | Identified the +6 scimitar of the Slime-mould {freeze, rC+}
 51421 | Elf:2    | Identified the +7 morningstar of the Doomed Warrior {holy,
                  | +Rage rC+ Dex+4}
 51969 | Elf:3    | Entered Level 3 of the Elven Halls
 52219 | Elf:3    | Reached XP level 21. HP: 95/141 MP: 37/37
 52231 | Elf:3    | Identified the +5 war axe of Epneim {protect, Str+2 Int+3
                  | Dex+2}
 52303 | Elf:3    | Cast into level 3 of the Abyss (a deep elf demonologist)
 52326 | Abyss:3  | Lost mutation: You are dopey. (Int -2) [potion of mutation]
 52326 | Abyss:3  | Lost mutation: Potions are less effective at restoring your
                  | health. [potion of mutation]
 52326 | Abyss:3  | Lost mutation: You are robust. (+10% HP) [potion of
                  | mutation]
 52326 | Abyss:3  | Gained mutation: You have sharp fingernails. [potion of
                  | mutation]
 52326 | Abyss:3  | Gained mutation: You are partially covered in large bone
                  | plates. (SH +4) [potion of mutation]
 52326 | Abyss:3  | Gained mutation: You possess an exceptional clarity of
                  | mind. [potion of mutation]
 52881 | Abyss:3  | Gained mutation: You are occasionally teleported next to
                  | monsters. [a cacodemon]
 52885 | Elf:3    | Escaped the Abyss
 53335 | Elf:3    | Identified the +10 hunting sling of Noon {freeze, +Fly
                  | Str+4 Dex+3 Stlth+}
 54030 | Elf:3    | Identified the +4 whip of the Endless March {drain, Will++}
 54151 | Elf:3    | Identified Caelon's Almanac of Supportive Conjuration
 54153 | Elf:3    | Lost mutation: You possess an exceptional clarity of mind.
                  | [potion of mutation]
 54153 | Elf:3    | Lost mutation: You have sharp fingernails. [potion of
                  | mutation]
 54153 | Elf:3    | Gained mutation: You possess an exceptional clarity of
                  | mind. [potion of mutation]
 54153 | Elf:3    | Gained mutation: You have large cloven feet. [potion of
                  | mutation]
 54153 | Elf:3    | Gained mutation: Potions are less effective at restoring
                  | your health. [potion of mutation]
 54153 | Elf:3    | Gained mutation: You passively map a small area around you.
                  | [potion of mutation]
 54400 | Vaults:1 | Entered Level 1 of the Vaults
 54944 | Vaults:1 | Reached XP level 22. HP: 88/136 MP: 12/38
 55950 | Vaults:2 | Reached skill level 10 in Evocations
 56437 | Vaults:2 | Found a staircase to the Crypt.
 56437 | Vaults:2 | Found an ancient bone altar of Kikubaaqudgha.
 56437 | Vaults:2 | Found a basalt altar of Yredelemnul.
 57284 | Vaults:3 | Reached skill level 15 in Conjurations
 57343 | Vaults:3 | Reached XP level 23. HP: 89/142 MP: 14/40
 57441 | Vaults:3 | Found the +8 storm bow {elec, penet}
 57693 | Vaults:3 | Noticed Aizul
 57718 | Vaults:3 | Killed Aizul
 58339 | Vaults:3 | Learned a level 9 spell: Shatter
 60029 | Vaults:5 | Entered Level 5 of the Vaults
 60029 | Vaults:5 | Noticed a dread lich
 60032 | Vaults:5 | Noticed Boris
 60033 | Vaults:5 | Reached XP level 24. HP: 144/149 MP: 40/40
 60035 | Vaults:5 | Killed a dread lich
 60036 | Vaults:5 | Reached skill level 15 in Fighting
 60127 | Vaults:5 | Killed Boris
 60128 | Vaults:5 | Noticed a dread lich
 60131 | Vaults:5 | Killed a dread lich
 60278 | Vaults:5 | Noticed Mennas
 60422 | Crypt:1  | Entered Level 1 of the Crypt
 60430 | Crypt:1  | Reached XP level 25. HP: 143/156 MP: 41/41
 61180 | Crypt:1  | Found a basalt altar of Yredelemnul.
 61557 | Crypt:2  | Noticed Margery
 61561 | Crypt:2  | Killed Margery
 61744 | Crypt:2  | Noticed Boris
 61888 | Crypt:2  | Killed Boris
 61929 | Crypt:2  | Noticed Xtahua
 61950 | Crypt:1  | Killed Xtahua
 62080 | Crypt:1  | Learned a level 9 spell: Fire Storm
 62208 | Crypt:2  | Identified the +3 rapier of Xihupuod {protect, rElec rF++
                  | rC- Will+}
 62792 | Crypt:3  | Entered Level 3 of the Crypt
 63143 | Crypt:3  | Noticed a royal mummy
 63157 | Crypt:3  | Killed a royal mummy
 63192 | Crypt:3  | Found a staircase to the Tomb.
 63355 | Crypt:3  | Found an ancient bone altar of Kikubaaqudgha.
 63358 | Crypt:3  | Reached skill level 15 in Maces & Flails
 63717 | Crypt:3  | Noticed an ancient lich
 63718 | Crypt:3  | Found the +9 sword of Zonguldrok {reap}
 63722 | Crypt:3  | Killed an ancient lich
 64146 | Crypt:3  | Reached XP level 26. HP: 164/164 MP: 29/41
 64189 | Crypt:3  | Identified the +6 short sword of Pride {venom, rC+}
 64929 | Vaults:5 | Killed Mennas
 65084 | Vaults:5 | Identified the +6 flail "Zynef" {vorpal, rPois Dex+5}
 65121 | Vaults:5 | Identified the Reference Book on Companions and Cold
 65673 | Vaults:5 | Identified the +3 rapier of the Traitor {distort, *Rage
                  | +Inv Str+6 Dex+5}
 65726 | Vaults:5 | Got a silver rune of Zot
 66424 | D:9      | Bought a scroll of summoning for 142 gold pieces
 66424 | D:9      | Bought a scroll of blinking for 112 gold pieces
 66534 | D:9      | Killed nj0rd12's ghost
 66729 | Depths:1 | Entered Level 1 of the Depths
 66729 | Depths:1 | Noticed Mara
 66735 | Depths:1 | Killed Mara
 66905 | Depths:1 | Noticed Saint Roka
 66911 | Depths:1 | Killed Saint Roka
 66913 | Depths:1 | Identified the ring "Qaekieji" {rElec rF+ Str+3}
 66921 | Depths:1 | Reached skill level 15 in Spellcasting
 67045 | Depths:1 | Noticed Asterion
 67048 | Depths:1 | Killed Asterion
 67194 | Depths:1 | Gained mutation: You are frail. (-10% HP) [a neqoxec]
 67498 | Depths:1 | Found a corrupted altar of Lugonu.
 67498 | Depths:1 | Found a one-way gate to the infinite horrors of the Abyss.
 67606 | Depths:1 | Found a gateway to Hell.
 68214 | Depths:2 | Reached XP level 27. HP: 57/153 MP: 33/42
 68535 | Depths:2 | Noticed a juggernaut
 68538 | Depths:2 | Noticed Qyacw's ghost (veteran GnWn)
 68539 | Depths:2 | Found a bloodstained altar of Trog.
 68539 | Depths:2 | Found a transporter.
 68539 | Depths:2 | Noticed a juggernaut
 68558 | Depths:2 | Found a transporter.
 68575 | Depths:2 | Noticed Boris
 68578 | Depths:2 | Killed Boris
 68722 | Depths:2 | Killed a juggernaut
 68723 | Depths:2 | Killed a juggernaut
 68728 | Depths:2 | Killed Qyacw's ghost
 68731 | Depths:2 | Lost mutation: You are partially covered in large bone
                  | plates. (SH +4) [potion of mutation]
 68731 | Depths:2 | Lost mutation: You have large cloven feet. [potion of
                  | mutation]
 68731 | Depths:2 | Lost mutation: You are frail. (-10% HP) [potion of
                  | mutation]
 68731 | Depths:2 | Gained mutation: You sometimes lose the ability to read
                  | scrolls when taking damage. [potion of mutation]
 68731 | Depths:2 | Gained mutation: You have an increased reservoir of magic.
                  | (+10% MP) [potion of mutation]
 68731 | Depths:2 | Gained mutation: You are partially covered in iridescent
                  | scales. (AC +2) [potion of mutation]
 69504 | Depths:3 | Found a transporter.
 69509 | Depths:3 | Found a shimmering blue altar of Sif Muna.
 69822 | Depths:3 | Identified the +1 great sword of the Radish {freeze, Will+}
 69972 | Depths:3 | Found a transporter.
 70188 | Depths:3 | Found Yteilu's Jewellery Emporium.
 70188 | Depths:3 | Found Vaeghi Xomn's Book Boutique.
 70189 | Depths:3 | Found Weosmuiv's Jewellery Emporium.
 70277 | Depths:3 | Found a snail-covered altar of Cheibriados.
 71153 | Depths:4 | Found a flickering gateway to a bazaar.
 71170 | Bazaar   | Entered a bazaar
 71213 | Bazaar   | Found Kieshre's Book Shop.
 71240 | Bazaar   | Found Cihuc's Book Boutique.
 71243 | Bazaar   | Found Sakhaimela's Jewellery Emporium.
 71251 | Bazaar   | Found Veceost's Distillery.
 71263 | Bazaar   | Bought a potion of curing for 45 gold pieces
 71263 | Bazaar   | Bought a potion of heal wounds for 75 gold pieces
 71263 | Bazaar   | Bought a potion of curing for 45 gold pieces
 71263 | Bazaar   | Bought a potion of might for 60 gold pieces
 71263 | Bazaar   | Bought 2 potions of curing for 90 gold pieces
 71263 | Bazaar   | Bought a potion of heal wounds for 75 gold pieces
 71263 | Bazaar   | Bought a potion of brilliance for 60 gold pieces
 71511 | Depths:4 | You are sucked into a shaft and drop 1 floor!
 71511 | Depths:5 | Entered Level 5 of the Depths
 71543 | Depths:5 | Found a gate to the Realm of Zot.
 71715 | Depths:5 | Reached skill level 15 in Dodging
 71738 | Depths:5 | Found Gosaymet's Weapon Emporium.
 71740 | Depths:5 | Found Haockirph's Magic Scroll Shoppe.
 71744 | Depths:5 | Found Jueruxt's Assorted Antiques.
 71749 | Depths:5 | Bought a scroll of blinking for 127 gold pieces
 71749 | Depths:5 | Bought a scroll of acquirement for 884 gold pieces
 71749 | Depths:5 | Bought a scroll of acquirement for 884 gold pieces
 71751 | Depths:5 | Bought a potion of curing for 99 gold pieces
 71751 | Depths:5 | Bought a scroll of magic mapping for 115 gold pieces
 71756 | Depths:5 | Acquired 674 gold pieces
 71760 | Depths:5 | Acquired 1070 gold pieces
 72100 | Depths:5 | Found a gateway to a ziggurat.
 72260 | Depths:5 | Found Hinafij's Armour Boutique.
 72487 | Depths:4 | Identified the +2 great sword of the Glowing Weasel {pain,
                  | Str+2 Dex+5 Stlth+}
 72688 | Depths:4 | Found the +0 mask of the Dragon {Will+ Slay+3 SInv}
 72698 | Depths:4 | Identified the +1 scale mail "Gamnupt" {rC+}
 73126 | Depths:4 | Upgraded the game from 0.27-a0-824-gca8104f8d5 to
                  | 0.27-a0-830-ga1c911b16d
 73495 | Slime:1  | Entered Level 1 of the Pits of Slime
 73967 | Slime:5  | Entered Level 5 of the Pits of Slime
 73969 | Slime:5  | Lost mutation: You have an increased reservoir of magic.
                  | (+10% MP) [a shining eye]
 74064 | Slime:5  | Noticed the Royal Jelly
 74436 | Slime:5  | Killed the Royal Jelly
 74652 | Slime:5  | Found the +8 autumn katana {vorpal, Clar}
 74699 | Slime:5  | Identified the +4 ring mail "Vofolimu" {Regen+}
 74781 | Slime:5  | Got a slimy rune of Zot
 74783 | Slime:5  | Identified the ring of Plog {rF+ Int+4 Dex+4}
 75219 | Zig:1    | Entered Level 1 of a ziggurat
 75238 | Zig:2    | Entered Level 2 of a ziggurat
 75317 | Zig:3    | Entered Level 3 of a ziggurat
 75375 | Zig:4    | Entered Level 4 of a ziggurat
 75558 | Zig:4    | Identified Ynoweyst's Tome of Mutagenic Beguiling
 75566 | Zig:5    | Entered Level 5 of a ziggurat
 75605 | Zig:6    | Entered Level 6 of a ziggurat
 75610 | Zig:6    | Noticed an orb of fire
 75617 | Zig:6    | Gained mutation: Armour fits poorly on your strangely
                  | shaped body. [an orb of fire]
 75622 | Zig:6    | Killed an orb of fire
 75804 | Zig:6    | Identified the +5 ring mail "Niqiz" {rF+}
 75816 | Zig:7    | Entered Level 7 of a ziggurat
 75822 | Zig:7    | Found the +13 scythe of Curses {drain, *Drain}
 75840 | Zig:7    | Identified the +6 morningstar "Tiapsul" {protect, rC+
                  | Dex+2}
 75847 | Zig:7    | Identified the +1 robe of Guroriste {Str+2 SInv}
 75861 | Zig:8    | Entered Level 8 of a ziggurat
 75868 | Zig:8    | Noticed an ancient lich
 75869 | Zig:8    | Killed an ancient lich
 75881 | Zig:8    | Identified the Incunabulum of Destructive Calling
 75891 | Zig:8    | Identified the ring "Qohitz" {Will+ rCorr Dex+2}
 75939 | Zig:9    | Entered Level 9 of a ziggurat
 75947 | Zig:9    | Noticed an orb of fire
 75947 | Zig:9    | Noticed an orb of fire
 75948 | Zig:9    | Noticed an orb of fire
 75957 | Zig:9    | Killed an orb of fire
 75957 | Zig:9    | Killed an orb of fire
 75961 | Zig:9    | Killed an orb of fire
 76027 | Zig:9    | Lost mutation: Armour fits poorly on your strangely shaped
                  | body. [potion of mutation]
 76027 | Zig:9    | Lost mutation: You are partially covered in iridescent
                  | scales. (AC +2) [potion of mutation]
 76027 | Zig:9    | Gained mutation: You are weak. (Str -2) [potion of
                  | mutation]
 76027 | Zig:9    | Lost mutation: You are weak. (Str -2) [potion of mutation]
 76027 | Zig:9    | Gained mutation: You expend magic power (3 MP) to
                  | strengthen your wands. [potion of mutation]
 76027 | Zig:9    | Gained mutation: You are agile. (Dex +2) [potion of
                  | mutation]
 76040 | Zig:9    | Lost mutation: You sometimes lose the ability to read
                  | scrolls when taking damage. [potion of mutation]
 76040 | Zig:9    | Lost mutation: You expend magic power (3 MP) to strengthen
                  | your wands. [potion of mutation]
 76040 | Zig:9    | Lost mutation: You passively map a small area around you.
                  | [potion of mutation]
 76040 | Zig:9    | Lost mutation: You are occasionally teleported next to
                  | monsters. [potion of mutation]
 76040 | Zig:9    | Gained mutation: Your muscles are strong. (Str +2) [potion
                  | of mutation]
 76040 | Zig:9    | Gained mutation: Armour fits poorly on your strangely
                  | shaped body. [potion of mutation]
 76040 | Zig:9    | Gained mutation: You are robust. (+10% HP) [potion of
                  | mutation]
 76048 | Zig:9    | Identified Cyafoi's Handbook of Icy Conjuration
 76058 | Zig:10   | Entered Level 10 of a ziggurat
 76097 | Zig:10   | Identified the +10 morningstar "Mamyamp" {elec, Str+2
                  | Dex+4}
 76106 | Zig:10   | Identified the amulet of Osiotose {Spirit rC+}
 76108 | Zig:10   | Identified the +2 short sword of World's End {flame, Str-4
                  | Int+4}
 76118 | Zig:11   | Entered Level 11 of a ziggurat
 76190 | Zig:11   | Identified the +0 leather armour "Batok" {*Contam rElec
                  | Int+4}
 76196 | Zig:11   | Identified the Catalogue of Arcane Weapons and Shape
                  | Shifting
 76202 | Zig:11   | Identified the +2 scale mail "Geggog" {Harm Dex+2 Stlth+}
 76214 | Zig:12   | Entered Level 12 of a ziggurat
 76228 | Zig:12   | Noticed an ancient lich
 76231 | Zig:12   | Killed an ancient lich
 76407 | Zig:12   | Identified the +7 lajatang of Wolul {protect, rC+ Stlth+}
 76413 | Zig:13   | Entered Level 13 of a ziggurat
 76443 | Zig:13   | Identified the ring of Obsession {rPois rF+ Str+4 Slay+6}
 76454 | Zig:13   | Identified the Volume of Stones and Combat Magic
 76460 | Zig:14   | Entered Level 14 of a ziggurat
 76706 | Zig:14   | Identified the +1 morningstar of Dim Light {vorpal, Fragile
                  | Str+5}
 76709 | Zig:14   | Identified the +4 shortbow of Premature Burial {speed, rF+
                  | Str+8}
 76728 | Zig:14   | Identified the Compendium of Icy Dark Arts
 76736 | Zig:15   | Entered Level 15 of a ziggurat
 76877 | Zig:15   | Identified the +1 leather armour of Poor Excuses {+Blink
                  | Will+}
 76884 | Zig:15   | Identified the ring of Suesut {+Fly SInv}
 76897 | Zig:15   | Identified the +0 robe of Context {rPois}
 76900 | Zig:16   | Entered Level 16 of a ziggurat
 76933 | Zig:16   | Identified the Reference Book on Ensnaring Transmutation
 76948 | Zig:16   | Identified the +6 hunting sling of Sinoih {vorpal, *Corrode
                  | rN+ Str+3}
 76964 | Zig:17   | Entered Level 17 of a ziggurat
 76972 | Zig:17   | Noticed a dread lich
 76979 | Zig:17   | Killed a dread lich
 76998 | Zig:17   | Identified the amulet of Mivekh {Acrobat rN++}
 77005 | Zig:17   | Identified the +9 scimitar "Xoty" {drain, rElec Str+2 Int+3
                  | Stlth+}
 77007 | Zig:17   | Identified the amulet of the Cuttlefish {Acrobat Dex+4
                  | Stlth-}
 77021 | Zig:17   | Identified the +6 plate armour of the Unseen Realm {rElec
                  | rC+ rN+ Int-2}
 77024 | Zig:17   | Identified the ring of Aseyse {MP+9 Dex+7}
 77049 | Zig:18   | Entered Level 18 of a ziggurat
 77063 | Zig:18   | Noticed a dread lich
 77066 | Zig:18   | Killed a dread lich
 77078 | Zig:18   | Identified the amulet "Powakh" {Acrobat Will+}
 77088 | Zig:18   | Identified the +7 quarterstaff "Fafit" {flame, Int+4}
 77112 | Zig:19   | Entered Level 19 of a ziggurat
 77123 | Zig:19   | Noticed an ancient lich
 77124 | Zig:19   | Noticed a dread lich
 77124 | Zig:19   | Noticed a dread lich
 77127 | Zig:19   | Killed a dread lich
 77127 | Zig:19   | Killed a dread lich
 77128 | Zig:19   | Killed an ancient lich
 77129 | Zig:19   | Noticed a dread lich
 77131 | Zig:19   | Killed a dread lich
 77187 | Zig:19   | Identified the ring "Quisirphe" {+Blink Str+6 Dex+5}
 77195 | Zig:19   | Identified the +3 shortbow of Gluttony {venom, +Blink
                  | Int+5}
 77205 | Zig:19   | Identified the +0 cloak of Supple Strength {+Blink +Fly
                  | Str+3 SInv}
 77225 | Zig:19   | Identified the +8 morningstar of Calculation {flame,
                  | *Contam rN+ Int+3 SInv}
 77232 | Zig:20   | Entered Level 20 of a ziggurat
 77244 | Zig:20   | Noticed a dread lich
 77246 | Zig:20   | Paralysed by a dread lich for 3 turns
 77249 | Zig:20   | Killed a dread lich
 77250 | Zig:20   | Reached skill level 27 in Fighting
 77275 | Zig:20   | Identified the +8 double sword of the Stork {holy, +Rage
                  | +Fly}
 77276 | Zig:20   | Identified the ring of Foolhardiness {*Drain +Blink rN+++
                  | Will+ MP-9}
 77298 | Zig:20   | Identified the +7 morningstar "Beastslayer" {venom, rPois}
 77301 | Zig:21   | Entered Level 21 of a ziggurat
 77329 | Zig:21   | Found the +3 warlock's mirror {reflect}
 77347 | Zig:21   | Identified the +0 leather armour of Intuition {Will+ Str+4}
 77354 | Zig:21   | Identified the +0 robe of Light {*Contam +Fly rN+++ Regen+}
 77371 | Zig:21   | Identified the amulet of Qivycw {RegenMP *Corrode rElec
                  | Will+ SInv}
 77373 | Zig:21   | Identified the ring of Uhuruajo {Will+ Str+4 Int+2}
 77406 | Zig:21   | Acquired a book of Annihilations
 77408 | Zig:21   | Acquired the +3 crown of Dyrovepreva {rElec Int+2 SInv}
 77409 | Zig:21   | Found the +3 crown of Dyrovepreva {rElec Int+2 SInv}
 77420 | Zig:21   | Acquired 1015 gold pieces
 77434 | Zig:21   | Learned a level 8 spell: Lehudib's Crystal Spear
 77444 | Zig:21   | Learned a level 9 spell: Absolute Zero
 77454 | Zig:22   | Entered Level 22 of a ziggurat
 77473 | Zig:22   | Reached skill level 5 in Ice Magic
 77474 | Zig:22   | Paralysed by accursed screaming for 1 turns
 77521 | Zig:22   | Identified the ring "Barafad" {Wiz rN+ Slay+5}
 77528 | Zig:22   | Identified the +7 hand axe "Impslayer" {vorpal, rElec rC++
                  | Int-4 SInv}
 77542 | Zig:22   | Identified the ring of Cerryny {rPois rF- rCorr Dex+4}
 77549 | Zig:22   | Identified the +0 plate armour of Disguise {Rampage Dex+2}
 77556 | Zig:22   | Identified the ring of Saic {rF+ rC+ Dex+3}
 77563 | Zig:23   | Entered Level 23 of a ziggurat
 77579 | Zig:23   | Reached skill level 10 in Ice Magic
 77621 | Zig:23   | Found the +6 shillelagh "Devastator" {shatter}
 77621 | Zig:23   | Found the +3 sling "Punk" {acid, rCorr}
 77625 | Zig:23   | Identified the ring of Eternal Night {rPois Int+4}
 77626 | Zig:23   | Identified the ring "Huemp" {+Fly rCorr}
 77629 | Zig:23   | Identified the +1 scale mail of Cuvis {+Blink rElec Dex+2}
 77667 | Zig:24   | Entered Level 24 of a ziggurat
 77689 | Zig:24   | Reached skill level 15 in Ice Magic
 77766 | Zig:24   | Identified the +6 flail "Achaorr" {vorpal, rPois Int-5
                  | Dex+3}
 77777 | Zig:24   | Identified the +3 chain mail "Xepaceug" {rPois rF+}
 77791 | Zig:25   | Entered Level 25 of a ziggurat
 77797 | Zig:25   | Noticed a juggernaut
 77798 | Zig:25   | Noticed a juggernaut
 77800 | Zig:25   | Noticed a juggernaut
 77800 | Zig:25   | Noticed a juggernaut
 77801 | Zig:25   | Noticed a juggernaut
 77802 | Zig:25   | Noticed a juggernaut
 77802 | Zig:25   | Noticed a juggernaut
 77803 | Zig:25   | Noticed a juggernaut
 77804 | Zig:25   | Killed a juggernaut
 77804 | Zig:25   | Killed a juggernaut
 77804 | Zig:25   | Noticed a juggernaut
 77805 | Zig:25   | Killed a juggernaut
 77805 | Zig:25   | Killed a juggernaut
 77805 | Zig:25   | Killed a juggernaut
 77805 | Zig:25   | Killed a juggernaut
 77805 | Zig:25   | Noticed a juggernaut
 77806 | Zig:25   | Killed a juggernaut
 77807 | Zig:25   | Killed a juggernaut
 77807 | Zig:25   | Noticed a juggernaut
 77808 | Zig:25   | Killed a juggernaut
 77808 | Zig:25   | Noticed a juggernaut
 77809 | Zig:25   | Killed a juggernaut
 77810 | Zig:25   | Killed a juggernaut
 77812 | Zig:25   | Killed a juggernaut
 77935 | Zig:25   | Identified the +1 leather armour "Xiuhics" {*Corrode rElec
                  | Str-5 Stlth+}
 77936 | Zig:25   | Identified the +5 rapier of Ikoun {freeze, rElec Str+2}
 77958 | Zig:25   | Identified Sif Muna's Incunabulum of the Virous Birds
 77963 | Zig:25   | Identified the +1 ice dragon scales of Protective Custody
                  | {+Inv rF- rC++ rN+ Dex+4}
 77983 | Zig:26   | Entered Level 26 of a ziggurat
 77998 | Zig:26   | Found the +8 demon blade "Leech" {vamp, *Rage +Rage rN+}
 78059 | Zig:26   | Found the +7 captain's cutlass {speed, disarm}
 78071 | Zig:26   | Identified the Grimoire of Harmful Evil
 78082 | Zig:26   | Identified Qoile's Guide on Attacks and the Frostbite
 78096 | Zig:26   | Identified the +6 spear of Action {drain, Stlth+}
 78104 | Zig:26   | Identified the +0 chain mail of the Moon Troll {rPois}
 78109 | Zig:26   | Identified the +0 plate armour of Sin {rPois Str+3}
 78115 | Zig:27   | Entered Level 27 of a ziggurat
 78131 | Zig:27   | Reached skill level 27 in Spellcasting
 78137 | Zig:27   | Reached skill level 10 in Short Blades
 78150 | Zig:27   | Found the +8 arc blade {discharge, rElec}
 78160 | Zig:27   | Identified the ring "Suli" {rF+ rC+ Dex+4 SInv Stlth-}
 78162 | Zig:27   | Identified the +5 hunting sling of Fedhas's Whim {freeze,
                  | *Slow +Inv rN++}
 78168 | Zig:27   | Identified the +8 pearl dragon scales of Wrong Decisions
                  | {rN+ Str+5 Dex+7 Stlth+}
 78175 | Zig:27   | Identified the +8 flail of Rotz {flame, +Rage rPois Int+3}
 78185 | Zig:27   | Identified the amulet "Xeel Zoe" {rElec Regen+}
 78195 | Zig:27   | Identified the amulet of Coreih {Spirit rF+}
 78358 | Depths:1 | Voluntarily entered the Abyss.
 78438 | Abyss:2  | Found a corrupted altar of Lugonu.
 78855 | Abyss:2  | Found a corrupted altar of Lugonu.
 78996 | Abyss:2  | Found a corrupted altar of Lugonu.
 79120 | Abyss:2  | Reached skill level 5 in Stealth
 79373 | Abyss:2  | Reached skill level 10 in Stealth
 79443 | Abyss:2  | Found a corrupted altar of Lugonu.
 79927 | Abyss:3  | Noticed a dread lich
 79944 | Abyss:3  | Killed a dread lich
 80053 | Abyss:4  | Reached skill level 15 in Stealth
 80386 | Abyss:4  | Gained mutation: You occasionally shout uncontrollably at
                  | your foes. [a neqoxec]
 80587 | Abyss:4  | Got an abyssal rune of Zot
 80604 | Abyss:4  | Found a transporter.
 80721 | Depths:1 | Escaped the Abyss
 80799 | Depths:3 | Bought a Necronomicon for 2649 gold pieces
 80808 | Depths:3 | Learned a level 8 spell: Necromutation
 80854 | Zig:1    | Entered Level 1 of a ziggurat
 80859 | Zig:1    | Reached skill level 1 in Transmutations
 80872 | Zig:2    | Entered Level 2 of a ziggurat
 80878 | Zig:2    | Reached skill level 1 in Necromancy
 80899 | Zig:3    | Entered Level 3 of a ziggurat
 80932 | Zig:4    | Entered Level 4 of a ziggurat
 80952 | Zig:4    | Identified the Collected Works on Ashen Beguiling
 80961 | Zig:5    | Entered Level 5 of a ziggurat
 80997 | Zig:6    | Entered Level 6 of a ziggurat
 81001 | Zig:6    | Noticed a dread lich
 81002 | Zig:6    | Noticed a dread lich
 81002 | Zig:6    | Noticed an ancient lich
 81005 | Zig:6    | Killed a dread lich
 81005 | Zig:6    | Killed a dread lich
 81005 | Zig:6    | Killed an ancient lich
 81006 | Zig:6    | Reached skill level 5 in Necromancy
 81006 | Zig:6    | Reached skill level 5 in Transmutations
 81023 | Zig:6    | Identified the Disquisition on Confrontation and
                  | Transmutation
 81027 | Zig:7    | Entered Level 7 of a ziggurat
 81051 | Zig:7    | Identified the ring "Saejeqedd" {rElec EV+4 Str-3 Int+4
                  | SInv}
 81077 | Zig:8    | Entered Level 8 of a ziggurat
 81082 | Zig:8    | Noticed a dread lich
 81086 | Zig:8    | Killed a dread lich
 81086 | Zig:8    | Noticed an ancient lich
 81088 | Zig:8    | Killed an ancient lich
 81096 | Zig:8    | Lost mutation: You are agile. (Dex +2) [potion of mutation]
 81096 | Zig:8    | Lost mutation: Your muscles are strong. (Str +2) [potion of
                  | mutation]
 81096 | Zig:8    | Gained mutation: You are partially covered in iridescent
                  | scales. (AC +2) [potion of mutation]
 81096 | Zig:8    | Gained mutation: Your spells are a little easier to cast,
                  | but a little less powerful. [potion of mutation]
 81096 | Zig:8    | Gained mutation: Your mind is acute. (Int +2) [potion of
                  | mutation]
 81097 | Zig:8    | Lost mutation: Your mind is acute. (Int +2) [potion of
                  | mutation]
 81097 | Zig:8    | Lost mutation: You are partially covered in iridescent
                  | scales. (AC +2) [potion of mutation]
 81097 | Zig:8    | Gained mutation: You are strong-willed. (Will+) [potion of
                  | mutation]
 81097 | Zig:8    | Gained mutation: Your flesh is cold resistant. (rC+)
                  | [potion of mutation]
 81098 | Zig:8    | Lost mutation: Armour fits poorly on your strangely shaped
                  | body. [potion of mutation]
 81098 | Zig:8    | Lost mutation: Your spells are a little easier to cast, but
                  | a little less powerful. [potion of mutation]
 81098 | Zig:8    | Lost mutation: You occasionally shout uncontrollably at
                  | your foes. [potion of mutation]
 81098 | Zig:8    | Lost mutation: Potions are less effective at restoring your
                  | health. [potion of mutation]
 81098 | Zig:8    | Gained mutation: You are clumsy. (Dex -2) [potion of
                  | mutation]
 81098 | Zig:8    | Gained mutation: You are somewhat resistant to further
                  | mutation. [potion of mutation]
 81153 | Zig:9    | Entered Level 9 of a ziggurat
 81201 | Zig:9    | Identified the Disquisition on Fetching Orientation
 81209 | Zig:10   | Entered Level 10 of a ziggurat
 81255 | Zig:10   | Identified the +5 triple crossbow of the Vestibule of Hell
                  | {flame, SInv}
 81263 | Zig:10   | Acquired a manual of Ice Magic
 81269 | Zig:11   | Entered Level 11 of a ziggurat
 81281 | Zig:11   | Reached skill level 10 in Necromancy
 81306 | Zig:11   | Identified the +8 halberd of Causality {drain, Fragile rF+
                  | rC+ Str+2}
 81318 | Zig:12   | Entered Level 12 of a ziggurat
 81330 | Zig:12   | Reached skill level 10 in Transmutations
 81403 | Zig:13   | Entered Level 13 of a ziggurat
 81435 | Zig:13   | Identified the +11 spear "Binedwuy" {flame, rElec}
 81442 | Zig:13   | Identified the ring of Plog {Will+ Int+4}
 81519 | Zig:14   | Entered Level 14 of a ziggurat
 81535 | Zig:14   | Noticed a royal mummy
 81536 | Zig:14   | Noticed a royal mummy
 81541 | Zig:14   | Killed a royal mummy
 81541 | Zig:14   | Noticed a royal mummy
 81542 | Zig:14   | Noticed a royal mummy
 81560 | Zig:14   | Killed a royal mummy
 81568 | Zig:14   | Killed a royal mummy
 81568 | Zig:14   | Killed a royal mummy
 81622 | Zig:14   | Identified the Handbook of Igneous Unholy Rites
 81650 | Zig:14   | Learned a level 9 spell: Death's Door
 81652 | Zig:15   | Entered Level 15 of a ziggurat
 81661 | Zig:15   | Noticed Zysyqiyjun the pandemonium lord
 81662 | Zig:15   | Killed Zysyqiyjun the pandemonium lord
 81663 | Zig:15   | Noticed Zonusil the pandemonium lord
 81663 | Zig:15   | Noticed Nuth the pandemonium lord
 81665 | Zig:15   | Reached skill level 15 in Necromancy
 81667 | Zig:15   | Killed Nuth the pandemonium lord
 81668 | Zig:15   | Killed Zonusil the pandemonium lord
 81670 | Zig:15   | Noticed Suit the pandemonium lord
 81672 | Zig:15   | Killed Suit the pandemonium lord
 81792 | Zig:15   | Identified the +0 leather armour "Hostrycal" {Harm *Slow
                  | rC+ Dex+8}
 81794 | Zig:15   | Identified the +6 mace of the End of Times {drain, *Contam
                  | rPois Will+}
 81806 | Zig:16   | Entered Level 16 of a ziggurat
 81824 | Zig:16   | Found the +9 staff of Olgreb {rPois∞}
 81853 | Zig:16   | Identified Sif Muna's Arcane Arts, Part Two
 81859 | Zig:16   | Identified the +1 buckler "Egyth" {Str+5 Stlth+}
 81865 | Zig:16   | Identified the amulet of Ran Bec {Reflect rC+ SH+5}
 81873 | Zig:16   | Acquired a manual of Maces & Flails
 81891 | Zig:17   | Entered Level 17 of a ziggurat
 81932 | Zig:17   | Found the +10 morningstar "Eos" {elec, Halo rElec}
 81935 | Zig:17   | Found the +3 giant club "Skullcrusher" {speed, Str+7}
 81987 | Zig:18   | Entered Level 18 of a ziggurat
 82115 | Zig:18   | Identified the ring "Gywn" {rPois rN+++ Will++ Int-2
                  | Slay-5}
 82123 | Zig:18   | Identified the +5 halberd of Purpose {drain, rC+ Int+6
                  | Stlth+}
 82124 | Zig:18   | Identified Sif Muna's Reference Book on the Creative Rocks
 82135 | Zig:19   | Entered Level 19 of a ziggurat
 82163 | Zig:19   | Found the ring of the Tortoise {AC+8}
 82293 | Zig:19   | Identified the +5 war axe "Joicyxywk" {vorpal, rPois}
 82304 | Zig:19   | Identified the +5 battleaxe of Lilat {holy, rN+}
 82306 | Zig:19   | Identified the +8 fustibalus "Goefutzuciurch" {venom, rN+
                  | Int+2}
 82307 | Zig:19   | Identified the Compendium of Supportive Shape Shifting
 82309 | Zig:19   | Identified the +1 scale mail "Goziwoni" {*Drain rN++ Str+8
                  | Stlth-}
 82322 | Zig:19   | Identified the +4 quarterstaff of the Fool {spect, Will+}
 82323 | Zig:19   | Identified the +11 war axe of the Ecumenical Temple
                  | {vorpal, +Fly rF+}
 82330 | Zig:19   | Identified the ring of Vitocw {+Inv rC+ rN++ Str-2 Dex+6}
 82340 | Zig:20   | Entered Level 20 of a ziggurat
 82569 | Zig:20   | Identified the +9 shortbow of Ezudd {flame, Dex+3}
 82582 | Zig:20   | Identified the ring of Equilibrium {Fire +Blink rPois Int-2
                  | Dex-3}
 82599 | Zig:20   | Identified the +5 lajatang "Urakuag" {venom, Stlth+}
 82616 | Zig:21   | Entered Level 21 of a ziggurat
 82665 | Zig:21   | Identified the +1 leather armour "Vaonit" {Harm +Inv rPois
                  | Int+2}
 82675 | Zig:21   | Identified the amulet of the Piercing Saviour {RegenMP
                  | Dex+2}
 82779 | Zig:22   | Entered Level 22 of a ziggurat
 82900 | Zig:22   | Identified the ring "Jiloigg" {+Inv rF+ rC+++ Will+ Str-5}
 82902 | Zig:22   | Identified the +6 hand crossbow "Plojy" {speed, rPois Str+3
                  | Int+2 Stlth+}
 82907 | Zig:22   | Identified the +2 ring mail of Zycen {-Cast rPois Int+4
                  | Dex+2}
 82937 | Zig:23   | Entered Level 23 of a ziggurat
 82972 | Zig:23   | Found the +2 ratskin cloak {*Rats rPois rN+ Str-1 Int-1
                  | Dex+1}
 83070 | Zig:23   | Identified Duojex's Collected Works on Scorching Attacks
 83085 | Zig:23   | Identified the +7 short sword "Westurie" {venom, rElec}
 83105 | Zig:23   | Learned a level 6 spell: Invisibility
 83106 | Zig:24   | Entered Level 24 of a ziggurat
 83119 | Zig:24   | Reached skill level 1 in Hexes
 83169 | Zig:24   | Identified the +5 rapier "Yklur" {pain, Str-2 Int+5}
 83185 | Zig:24   | Identified the +10 demon whip of Karma {elec, MP+9 Str+2
                  | Int+4}
 83204 | Zig:24   | Identified the +8 hunting sling of Peace {venom, Dex+3}
 83207 | Zig:25   | Entered Level 25 of a ziggurat
 83244 | Zig:25   | Found the ring of the Octopus King
 83383 | Zig:25   | Identified the +6 double sword of Somewhere Else {protect,
                  | Str+5}
 83392 | Zig:25   | Identified the +0 robe of Thoughtfulness {+Blink rElec
                  | Str+2 Slay+3}
 83401 | Zig:25   | Identified the Disquisition on Supportive Malediction
 83422 | Zig:26   | Entered Level 26 of a ziggurat
 83469 | Zig:26   | Identified the +5 chain mail of the Turtledove {Int+4}
 83524 | Zig:26   | Identified the ring "Noung" {Will+ SInv}
 83530 | Zig:26   | Identified the +2 short sword "Kaachevi" {drain, Int+2}
 83539 | Zig:27   | Entered Level 27 of a ziggurat
 83557 | Zig:27   | Reached skill level 27 in Earth Magic
 83575 | Zig:27   | Found the brooch of Shielding {Spirit SH+8}
 83576 | Zig:27   | Found the +7 great mace "Firestarter" {inner flame, rF++}
 83576 | Zig:27   | Found the +8 Wrath of Trog {antimagic, *Rage}
 83577 | Zig:27   | Found the amulet of Vitality {Regen+ HP+15}
 83578 | Zig:27   | Found the ring of the Octopus King
 83603 | Zig:27   | Identified the ring "Vighomy" {*Slow rElec rF+++ Str+6
                  | Dex-2}
 83615 | Zig:27   | Identified the +9 long sword of Wogutur {flame, rF+}
 83640 | Zig:27   | Identified the +5 ring mail of Kueck {rF+ Will+ Int+3
                  | Stlth+}
 83646 | Zig:27   | Reached skill level 27 in Fire Magic
 83779 | Zot:1    | Entered Level 1 of the Realm of Zot
 84731 | Zot:2    | Reached skill level 27 in Conjurations
 87467 | Zot:5    | Entered Level 5 of the Realm of Zot
 87470 | Zot:5    | Noticed an ancient lich
 87473 | Zot:5    | Killed an ancient lich
 87681 | Zot:5    | Noticed an orb of fire
 87685 | Zot:5    | Killed an orb of fire
 87693 | Zot:5    | Reached skill level 27 in Ice Magic
 87751 | Zot:5    | Noticed a dread lich
 87753 | Zot:5    | Killed a dread lich
 87801 | Zot:5    | Noticed an orb of fire
 87803 | Zot:5    | Killed an orb of fire
 87817 | Zot:5    | Noticed an orb of fire
 87823 | Zot:5    | Killed an orb of fire
 87843 | Zot:5    | Identified the +10 dire flail of the Boiling Point {freeze,
                  | *Rage rPois rF+++ rN+}
 87889 | Zot:5    | Noticed a dread lich
 87891 | Zot:5    | Killed a dread lich
 87910 | Zot:5    | Noticed an ancient lich
 87927 | Zot:5    | Killed an ancient lich
 88021 | Zot:5    | Found a shadowy altar of Dithmenos.
 88928 | Zig:1    | Entered Level 1 of a ziggurat
 89047 | Zig:2    | Entered Level 2 of a ziggurat
 89079 | Zig:3    | Entered Level 3 of a ziggurat
 89082 | Zig:3    | Noticed a royal mummy
 89085 | Zig:3    | Killed a royal mummy
 89271 | Zig:3    | Identified the ring of Ycva Sim {+Fly rC+ Stlth+}
 89282 | Zig:4    | Entered Level 4 of a ziggurat
 89315 | Zig:5    | Entered Level 5 of a ziggurat
 89363 | Zig:6    | Entered Level 6 of a ziggurat
 89369 | Zig:6    | Noticed a dread lich
 89373 | Zig:6    | Killed a dread lich
 89407 | Zig:7    | Entered Level 7 of a ziggurat
 89438 | Zig:7    | Identified the +2 scimitar of Nacs {holy, +Blink}
 89449 | Zig:8    | Entered Level 8 of a ziggurat
 89528 | Zig:8    | Identified the ring "Nesoel" {*Slow rPois rCorr Str+2
                  | Slay+3}
 89535 | Zig:8    | Identified Jasoley's Primer on Thaumaturgy
 89546 | Zig:9    | Entered Level 9 of a ziggurat
 89574 | Zig:9    | Found the ring of the Mage {Wiz Will++ Int+3}
 89586 | Zig:9    | Identified Giniotev's Almanac of the Rocks
 89588 | Zig:9    | Identified the Catalogue of Aerial Changing
 89592 | Zig:9    | Identified the +5 great sword "Starlight" {protect, Str+4
                  | SInv}
 89610 | Zig:9    | Identified the +7 hunting sling of Gozag's Whim {speed,
                  | *Corrode rElec Will++}
 89625 | Zig:9    | Acquired a manual of Shields
 89639 | Zig:10   | Entered Level 10 of a ziggurat
 89644 | Zig:10   | Noticed an orb of fire
 89644 | Zig:10   | Noticed an orb of fire
 89645 | Zig:10   | Noticed an orb of fire
 89645 | Zig:10   | Noticed an orb of fire
 89646 | Zig:10   | Found the +7 great mace "Undeadhunter" {disrupt, rN+}
 89648 | Zig:10   | Noticed an orb of fire
 89650 | Zig:10   | Killed an orb of fire
 89650 | Zig:10   | Killed an orb of fire
 89651 | Zig:10   | Killed an orb of fire
 89651 | Zig:10   | Killed an orb of fire
 89651 | Zig:10   | Killed an orb of fire
 89696 | Zig:10   | Identified the +9 dagger of Springtime {vorpal, *Slow
                  | Dex+4}
 89706 | Zig:10   | Identified the amulet of Tibaref {Faith Str+4}
 89727 | Zig:11   | Entered Level 11 of a ziggurat
 89780 | Zig:12   | Entered Level 12 of a ziggurat
 89792 | Zig:12   | Reached skill level 27 in Maces & Flails
 89832 | Zig:12   | Identified the Guide on the Compass and Darkness
 89837 | Zig:12   | Identified the +1 ring mail of the Blacksmith {rC+ Dex+2}
 89860 | Zig:13   | Entered Level 13 of a ziggurat
 89867 | Zig:13   | Noticed a juggernaut
 89867 | Zig:13   | Noticed a juggernaut
 89867 | Zig:13   | Noticed a juggernaut
 89869 | Zig:13   | Killed a juggernaut
 89870 | Zig:13   | Killed a juggernaut
 89870 | Zig:13   | Killed a juggernaut
 89870 | Zig:13   | Noticed a juggernaut
 89874 | Zig:13   | Killed a juggernaut
 89898 | Zig:13   | Identified the +4 rapier "Garon" {freeze, Str+7}
 89917 | Zig:14   | Entered Level 14 of a ziggurat
 89940 | Zig:14   | Identified the +6 hand crossbow "Goerur" {venom, Will+
                  | Dex+4}
 89996 | Zig:14   | Identified the ring of Xom's Amusement {+Inv Will+ Str+6
                  | Int+4}
 90000 | Zig:14   | Identified the Handbook of Lightness
 90005 | Zig:14   | Identified the +6 morningstar of Ashenzari's Pride
                  | {protect, Will++ Str+6 Dex-5}
 90011 | Zig:15   | Entered Level 15 of a ziggurat
 90019 | Zig:15   | Noticed Addit the pandemonium lord
 90020 | Zig:15   | Killed Addit the pandemonium lord
 90021 | Zig:15   | Reached skill level 27 in Stealth
 90025 | Zig:15   | Reached skill level 15 in Evocations
 90073 | Zig:15   | Identified the +1 long sword "Grim" {elec, rF+}
 90103 | Zig:15   | Identified the Tome of Stones and Sinister Secrets
 90117 | Zig:16   | Entered Level 16 of a ziggurat
 90123 | Zig:16   | Noticed a dread lich
 90124 | Zig:16   | Noticed an ancient lich
 90125 | Zig:16   | Noticed a dread lich
 90125 | Zig:16   | Noticed a dread lich
 90125 | Zig:16   | Noticed a dread lich
 90126 | Zig:16   | Noticed a dread lich
 90126 | Zig:16   | Noticed a dread lich
 90126 | Zig:16   | Noticed a dread lich
 90126 | Zig:16   | Noticed a dread lich
 90127 | Zig:16   | Killed a dread lich
 90128 | Zig:16   | Killed an ancient lich
 90128 | Zig:16   | Killed a dread lich
 90128 | Zig:16   | Killed a dread lich
 90128 | Zig:16   | Killed a dread lich
 90128 | Zig:16   | Killed a dread lich
 90128 | Zig:16   | Killed a dread lich
 90129 | Zig:16   | Killed a dread lich
 90129 | Zig:16   | Killed a dread lich
 90129 | Zig:16   | Noticed an ancient lich
 90131 | Zig:16   | Killed an ancient lich
 90149 | Zig:16   | Identified Zoenot's Incunabulum of Icy Execration
 90154 | Zig:16   | Identified the ring of Gluttony {Ice Slay+3}
 90157 | Zig:16   | Identified the +4 long sword "Oroapil" {vorpal, *Contam
                  | rElec rF+++ Int-5}
 90170 | Zig:16   | Identified the +3 tower shield "Zuhigab" {Harm rC- Will+}
 90180 | Zig:17   | Entered Level 17 of a ziggurat
 90206 | Zig:17   | Found the +8 glaive of the Guard {elec, spectral, AC+5}
 90207 | Zig:17   | Found the +12 glaive of Prune {vorpal}
 90224 | Zig:17   | Identified the Reference Book on Envenoming and Companions
 90235 | Zig:17   | Identified the +6 battleaxe of the Big Fish {antimagic,
                  | rPois Str+4 Int+2}
 90257 | Zig:18   | Entered Level 18 of a ziggurat
 90323 | Zig:18   | Identified the Volume of Ghastly Calling
 90369 | Zig:19   | Entered Level 19 of a ziggurat
 90488 | Zig:19   | Identified the +3 ring mail "Pyunearel" {rElec rPois
                  | Slay+3}
 90493 | Zig:19   | Identified the +8 plate armour of Hairiness {+Inv rC+ rN++
                  | Int-4}
 90508 | Zig:19   | Identified the ring "Fateyhug" {rC+ Int+5 Dex+4}
 90513 | Zig:20   | Entered Level 20 of a ziggurat
 90519 | Zig:20   | Noticed Oxemosk the pandemonium lord
 90520 | Zig:20   | Noticed Aggikihu the pandemonium lord
 90521 | Zig:20   | Noticed Norirous the pandemonium lord
 90521 | Zig:20   | Noticed Vettoem the pandemonium lord
 90527 | Zig:20   | Killed Oxemosk the pandemonium lord
 90529 | Zig:20   | Noticed Giw Rups the pandemonium lord
 90530 | Zig:20   | Killed Norirous the pandemonium lord
 90535 | Zig:20   | Noticed Xeirch the pandemonium lord
 90539 | Zig:20   | Noticed Fogic the pandemonium lord
 90541 | Zig:20   | Noticed Qapnusae the pandemonium lord
 90543 | Zig:20   | Noticed Silaujud the pandemonium lord
 90545 | Zig:20   | Noticed Qoegem the pandemonium lord
 90548 | Zig:20   | Killed Fogic the pandemonium lord
 90548 | Zig:20   | Noticed Pizoc Kycek the pandemonium lord
 90549 | Zig:20   | Noticed Vankofis the pandemonium lord
 90550 | Zig:20   | Killed Qapnusae the pandemonium lord
 90550 | Zig:20   | Killed Vettoem the pandemonium lord
 90550 | Zig:20   | Killed Aggikihu the pandemonium lord
 90550 | Zig:20   | Killed Xeirch the pandemonium lord
 90552 | Zig:20   | Killed Silaujud the pandemonium lord
 90553 | Zig:20   | Killed Qoegem the pandemonium lord
 90553 | Zig:20   | Noticed Cygreu Cudia the pandemonium lord
 90556 | Zig:20   | Killed Cygreu Cudia the pandemonium lord
 90557 | Zig:20   | Killed Vankofis the pandemonium lord
 90558 | Zig:20   | Killed Giw Rups the pandemonium lord
 90559 | Zig:20   | Killed Pizoc Kycek the pandemonium lord
 90720 | Zig:20   | Identified the Incunabulum of the Virous Birds
 90737 | Zig:20   | Identified the +2 hunting sling of Terror {venom, rElec
                  | Str-4 Dex+10 SInv}
 90744 | Zig:20   | Identified the +1 helmet of the Desolation of Salt {Dex+6}
 90745 | Zig:20   | Identified the +5 plate armour of Immorality {Will++ rCorr
                  | Int-2}
 90750 | Zig:21   | Entered Level 21 of a ziggurat
 90756 | Zig:21   | Noticed a dread lich
 90759 | Zig:21   | Noticed a dread lich
 90760 | Zig:21   | Noticed a dread lich
 90760 | Zig:21   | Noticed an ancient lich
 90761 | Zig:21   | Killed a dread lich
 90761 | Zig:21   | Killed a dread lich
 90761 | Zig:21   | Killed a dread lich
 90762 | Zig:21   | Noticed a dread lich
 90763 | Zig:21   | Killed an ancient lich
 90763 | Zig:21   | Killed a dread lich
 90764 | Zig:21   | Noticed an ancient lich
 90764 | Zig:21   | Noticed an ancient lich
 90766 | Zig:21   | Killed an ancient lich
 90766 | Zig:21   | Killed an ancient lich
 90767 | Zig:21   | Reached skill level 27 in Evocations
 90769 | Zig:21   | Reached skill level 10 in Shields
 90799 | Zig:21   | Reached skill level 15 in Shields
 90802 | Zig:21   | Identified the Guide on Congealing Ignition
 90809 | Zig:21   | Identified the ring of Novvunn {rF++ Will+ AC+4 Int-2}
 90813 | Zig:21   | Identified the +8 executioner's axe "prajmer's Doom"
                  | {antimagic, +Blink rElec rF+ Dex+2}
 90828 | Zig:21   | Identified the amulet "Jeroor" {RegenMP +Inv rC+}
 90846 | Zig:21   | Acquired a manual of Armour
 90851 | Zig:21   | Identified the Volume of Bewitching Evil Secrets
 90853 | Zig:21   | Identified Zedoibua's Catalogue of Quantum Calling
 90866 | Zig:22   | Entered Level 22 of a ziggurat
 90895 | Zig:22   | Found the +8 Vampire's Tooth {vamp}
 90923 | Zig:22   | Identified the amulet of Pride {Reflect Dex+4 SH+5}
 90940 | Zig:22   | Identified the +6 long sword of Xoteuv {speed, *Contam
                  | *Slow rC+++ MP+9}
 90941 | Zig:22   | Identified the Compendium of the Battered Hosts
 90947 | Zig:22   | Identified the Grimoire of Nocuous Snow
 90950 | Zig:22   | Identified the Almanac of Feathery Blows and Bruises
 90953 | Zig:22   | Identified the ring "Tusk" {Will+++ MP+9 Int-3 Dex+7}
 90965 | Zig:22   | Identified the +9 hand axe "Edemiqi" {antimagic, *Slow rF+
                  | Will+}
 90976 | Zig:22   | Identified the ring of Nuguaces {EV+4 Dex+7}
 90987 | Zig:23   | Entered Level 23 of a ziggurat
 90992 | Zig:23   | Noticed a juggernaut
 90995 | Zig:23   | Noticed a juggernaut
 90995 | Zig:23   | Noticed a juggernaut
 90998 | Zig:23   | Killed a juggernaut
 90998 | Zig:23   | Noticed a juggernaut
 90999 | Zig:23   | Noticed a juggernaut
 90999 | Zig:23   | Killed a juggernaut
 91000 | Zig:23   | Killed a juggernaut
 91000 | Zig:23   | Noticed a juggernaut
 91001 | Zig:23   | Killed a juggernaut
 91001 | Zig:23   | Noticed a juggernaut
 91002 | Zig:23   | Noticed a juggernaut
 91002 | Zig:23   | Noticed a juggernaut
 91003 | Zig:23   | Killed a juggernaut
 91003 | Zig:23   | Noticed a juggernaut
 91004 | Zig:23   | Killed a juggernaut
 91004 | Zig:23   | Killed a juggernaut
 91004 | Zig:23   | Killed a juggernaut
 91004 | Zig:23   | Noticed a juggernaut
 91004 | Zig:23   | Killed a juggernaut
 91005 | Zig:23   | Killed a juggernaut
 91005 | Zig:23   | Noticed a juggernaut
 91007 | Zig:23   | Killed a juggernaut
 91007 | Zig:23   | Killed a juggernaut
 91015 | Zig:23   | Found the +3 Elemental Staff {rElec rF++ rC++ Will++ AC+5}
 91019 | Zig:23   | Found the +6 lightning scales {swift rElec}
 91032 | Zig:23   | Identified the +8 flail "Demonslayer" {flame, rF- rC+
                  | Dex+9}
 91033 | Zig:23   | Identified the +6 war axe of Tumult {antimagic, SInv}
 91045 | Zig:23   | Identified the +1 chain mail of Deucot {Rampage}
 91050 | Zig:23   | Identified the +11 shortbow of Insufficient Pleasure
                  | {speed, Str+4 Int+3 Dex+3 Stlth+}
 91066 | Zig:23   | Identified the +1 shortbow of Feibow {speed, *Drain Dex+3
                  | Stlth+}
 91158 | Zig:24   | Entered Level 24 of a ziggurat
 91176 | Zig:24   | Reached skill level 27 in Shields
 91210 | Zig:24   | Identified the ring of Maamyg {rElec rF+ rC- AC+4}
 91213 | Zig:24   | Identified the Guide on Destructive Poison
 91221 | Zig:24   | Identified Xannif's Grimoire of the Blaze and the
                  | Snowflakes
 91225 | Zig:24   | Identified the +1 robe of the Onion {-Tele rPois Regen+
                  | SInv}
 91233 | Zig:24   | Identified the +7 dagger "Lipem" {vorpal, +Inv rC+++ Dex-4
                  | Stlth+}
 91236 | Zig:24   | Identified the Reference Book on Noxious Attacks
 91258 | Zig:25   | Entered Level 25 of a ziggurat
 91274 | Zig:25   | Noticed Turich the pandemonium lord
 91279 | Zig:25   | Found the +8 longbow "Zephyr" {speed, Dex+3 SInv}
 91287 | Zig:25   | Killed Turich the pandemonium lord
 91293 | Zig:25   | Found the +7 sceptre of Torment {pain, torment}
 91442 | Zig:25   | Found the +5 robe of Night {Dark Will+ SInv}
 91447 | Zig:25   | Identified the +2 morningstar of Gehenna {venom, +Fly rC-
                  | Int-2 Stlth+}
 91448 | Zig:25   | Identified the +4 flail of Distant Shores {vorpal, rC+
                  | Str+4 Int-4}
 91453 | Zig:25   | Identified the Grimoire of Dark Hexes
 91457 | Zig:25   | Identified the ring "Apehyco" {+Blink rN+ Int+6 Dex+2}
 91470 | Zig:25   | Acquired 760 gold pieces
 91476 | Zig:25   | Identified the +5 ring mail "Qyjiuzea" {Int+3}
 91484 | Zig:25   | Identified the +5 morningstar of Ucem {freeze, rElec MP+9
                  | Dex+4}
 91485 | Zig:25   | Identified the ring "Umethiov" {+Fly rN+ Int+4 Dex+4}
 91501 | Zig:26   | Entered Level 26 of a ziggurat
 91508 | Zig:26   | Noticed Isieto the pandemonium lord
 91509 | Zig:26   | Noticed Lolearus the pandemonium lord
 91509 | Zig:26   | Noticed Zihid the pandemonium lord
 91509 | Zig:26   | Noticed Boumn the pandemonium lord
 91509 | Zig:26   | Noticed Monofal the pandemonium lord
 91510 | Zig:26   | Noticed Cuph the pandemonium lord
 91510 | Zig:26   | Noticed Kyl Doupp the pandemonium lord
 91511 | Zig:26   | Noticed Yqail the pandemonium lord
 91511 | Zig:26   | Noticed Caddos the pandemonium lord
 91511 | Zig:26   | Noticed Lauxudes the pandemonium lord
 91511 | Zig:26   | Noticed Bygaf the pandemonium lord
 91511 | Zig:26   | Noticed Waecaxix the pandemonium lord
 91511 | Zig:26   | Noticed Weidirch the pandemonium lord
 91511 | Zig:26   | Noticed Tisosch the pandemonium lord
 91511 | Zig:26   | Noticed Yzef the pandemonium lord
 91511 | Zig:26   | Noticed Odagufeo the pandemonium lord
 91511 | Zig:26   | Noticed Iqoodd the pandemonium lord
 91511 | Zig:26   | Noticed Zeqioch the pandemonium lord
 91511 | Zig:26   | Noticed Ownym the pandemonium lord
 91511 | Zig:26   | Noticed Omifoming the pandemonium lord
 91511 | Zig:26   | Noticed Yffij the pandemonium lord
 91511 | Zig:26   | Paralysed by Waecaxix for 7 turns
 91511 | Zig:26   | Noticed Pawuast the pandemonium lord
 91511 | Zig:26   | Noticed Ralos the pandemonium lord
 91511 | Zig:26   | Noticed Oskior the pandemonium lord
 91512 | Zig:26   | Noticed Jiocsuot the pandemonium lord
 91512 | Zig:26   | Noticed Voymovet the pandemonium lord
 91515 | Zig:26   | Noticed Osunoymi the pandemonium lord
 91515 | Zig:26   | Noticed Dulofojef the pandemonium lord
 91516 | Zig:26   | Noticed Niatramp the pandemonium lord
 91516 | Zig:26   | Demolished by Cuph the pandemonium lord

Illustrated notes

Levels and vault maps discovered:
D:1:      lordsloth_arrival_two_stooges, layout_loops_corners
D:2:      layout_basic, minmay_surrounded
D:3:      layout_loops_ring, roderic_batcave, kennysheep_okawaru_gauntlet,
          uniq_grinder, uniq_jessica
D:4:      layout_cave_pools, minmay_pentangle
D:5:      gammafunk_wand_slinger, layout_basic
D:6:      layout_basic, minmay_temple_entry_mini_moons, gup_sewer_entry_glass
D:7:      layout_loops_ring, chequers_temple_overflow_statue_of_worship,
          gammafunk_ghost_mausoleum, serial_bayou_ford_a, guppyfry_shop_venom,
          uniq_prince_ribbit1, uniq_duvessa, uniq_crazy_yiuf_cottage, uniq_pikel
D:8:      layout_layer_cave, nicolae_overflow_quartered_altars, serial_shops,
          nicolae_shop_temple_entry_statues_fountains
D:9:      layout_irregular_city, gammafunk_temple_overflow_wave, serial_shops,
          shop_scrolls, shop, shop, gammafunk_ghost_split, uniq_harold
D:10:     layout_layer_cave, serial_shops, shop, shop, kennysheep_little_box,
          shop, minmay_crystal_room, uniq_grum, uniq_gastronok
D:11:     layout_loops_ring, dpeg_oklobed_lair, orc_0_dummy, basic_altar
D:12:     layout_basic, basic_altar, elves_outpost_lemuel
D:13:     layout_roguey, portal_ice_cave_entry_pillars_2
D:14:     layout_basic, skrybe_vaults_entry_preservation, special_room
          [special_room_mythical_zoo], lemuel_tele_altar,
          grunt_dithmenos_smoke_and_mirrors, uniq_frances
D:15:     grunt_enter_depths_magical_seal, layout_stronghold,
          nicolae_gozag_seed_capital, serial_co_window_serial,
          co_window_of_opportunity_a, co_window_of_opportunity_a,
          co_window_of_opportunity_a, co_window_paths_a, co_window_paths_a,
          co_window_of_opportunity_b, co_window_corner_cb, co_window_broadway_b,
          co_window_corner_cb, co_window_broadway_c, co_window_4corner_b,
          glass_columns_a, glass_columns_a, glass_columns_b, glass_columns_a,
          serial_shops, nicolae_shop_waterfront
Temple:   dshaligram_water_room_temple
Lair:1:   layout_cave_pods, serial_bayou_shore_a
Lair:2:   dragon1_lemuel, layout_layer_cave, gammafunk_ghost_icy, ldierk_geyser
Lair:3:   layout_loops_ring, minmay_swamp_entry_worms, lemuel_fruit_tree
Lair:4:   layout_hall_layers, spider_nest_entry_webs,
          lightli_volcano_entry_magma_tube, gauntlet_entry_generic,
          bh_autumn_forest_stairs, eino_house_with_fridge
Lair:5:   layout_loops_ring, slime_altar_1, serial_bayou, serial_bayou_shore_b,
          serial_bayou_pond_c, serial_bayou_shore_b, serial_bayou_pond_e,
          serial_bayou_pond_a
Lair:6:   due_jungle_book, layout_loops_ring, grunt_forest_small_clearings,
          columned_hall_lemuel, small_statue_intersection, grunt_megastairs_2
Swamp:1:  gammafunk_mikee_crab_dinner, layout_basic_swamp,
          evilmike_swamp_ruin_rubble_1, uniq_louise
Swamp:2:  layout_falls_marsh, evilmike_swamp_ruin_house_2
Swamp:3:  layout_basic_swamp, nicolae_swamp_little_tower, swamp_pool3,
          infiniplex_staircase_pool
Swamp:4:  grunt_swamp_rune_castle, layout_basic_swamp, uniq_kirke
Spider:1: layout_spider_delve
Spider:2: layout_spider_delve, hangedman_spider_tarantella_strand, uniq_nikola
Spider:3: layout_spider_delve, hangedman_spider_mandibles, uniq_agnes
Spider:4: guppyfry_spider_rune, uniq_roxanne
Slime:1:  layout_caves
Slime:2:  layout_caves, nicolae_slime_phagocytosis
Slime:3:  layout_caves, cheibrodos_slime_lost_civilization_6
Slime:4:  layout_caves
Slime:5
Orc:1:    lemuel_ogre_cave, layout_caves, basic_altar
Orc:2:    pf_orc_diabolical, layout_caves, serial_shops, shop, uniq_jorgrun
Elf:1:    eino_elf_arrival_the_gate, layout_loops_cross, special_room
          [special_room_orc], minmay_elf_annihilation
Elf:2:    layout_loops_corners, grunt_ministairs_10
Elf:3:    grunt_elf_hall_spiral, layout_geoelf_grid, minmay_elf_sorcery
Vaults:1: serial_ice_h, vaults_standard_mumra_lines, vaults_mumra_minichess,
          vaults_dpeg_diagonal, nicolae_vaults_windows_and_doors_thing,
          v_misc_15, nicolae_vaults_little_squares_5, ontoclasm_vaults_chip,
          nicolae_vaults_mini_display_case, ontoclasm_vaults_eye, v_misc_13,
          nicolae_vaults_little_ls, st_more_cells, layout_vaults_omnibox
Vaults:2: v_misc_9, ontoclasm_vaults_tryst, minmay_crypt_entry_necro_gods,
          hangedman_vaults_capsules, hangedman_vaults_trim,
          nicolae_vaults_specimen_jars, grunt_vaults_hallway_short,
          vaults_room_semicircle, layout_vaults_big_room
Vaults:3: vaults_room_semicircle, dpeg_vaults_monster_box, vaults_mumra_hexcomb,
          nicolae_vaults_yaktaur_gun_rack, dpeg_vaults_monster_row,
          minmay_guarded_unrand_secular_launcher,
          ontoclasm_vaults_loading_screen, hangedman_vaults_trim,
          vaults_dpeg_ring, vaults_dpeg_cross, layout_vaults_omnicross,
          uniq_aizul
Vaults:4: hangedman_vaults_maws, grunt_vaults_hallway_short,
          hangedman_vaults_stagger, nicolae_vaults_quartermaster,
          vaults_room_grunt_arrival_checkpoint, vaults_room_pools,
          nicolae_vaults_angled_halls, hangedman_vaults_maws,
          layout_vaults_omnigrid
Vaults:5: uniq_boris, uniq_mennas
Crypt:1:  layout_rooms, hangedman_blasphemy
Crypt:2:  layout_catacombs, roderic_lattice_octagonal_star, uniq_xtahua,
          uniq_margery
Crypt:3:  evilmike_haunted_forest
Depths:1: layout_roguey, rand_demon_pan_entry_1, pf_hell_entry_tar_river,
          abyss_entry_flame_altar, chequers_serial_rivers_small_b,
          chequers_serial_rivers_marsh, minmay_checkered_concentric_circles,
          uniq_mara, uniq_saint_roka, uniq_asterion
Depths:2: kennysheep_blocky_hall, layout_basic, rand_demon_pan_entry_5,
          gammafunk_ghost_wrathful_warriors, hell_entry, lemuel_flamethrower_2
Depths:3: gammafunk_sealed_library, layout_honeycomb,
          pf_vacation_house_of_asmodeus, abyss_entry,
          grunt_pan_entry_in_and_out, lemuel_crystal_altar,
          serial_bayou_shore_b, minmay_shop_grove,
          infiniplex_staircase_zigzag_2, serial_bayou_shore_b, firewood_loft,
          serial_bayou_shore_b
Depths:4: minmay_the_grid_four_pointed_star_mashed
          [minmay_the_grid_triangle_9x9_minimal,
          minmay_the_grid_triangle_9x9_limited_checkers,
          minmay_the_grid_triangle_9x9_descending_squares,
          minmay_the_grid_triangle_9x9_from_above,
          minmay_the_grid_prize_four_corners_diamond_a], layout_long_grid,
          minivault_14, serial_shops, bzr_entry_water, abyss_entry_crystal,
          hell_entry, hangedman_decor_peaks_small
Depths:5: grunt_zot_entry_funnels, layout_gridville, enter_ziggurat_d,
          serial_shops, nicolae_shop_trees, abyss_entry, grunt_hell_horde,
          minmay_shop_star, serial_bayou_shore_b
Zot:1:    lemuel_firehouse, layout_onion_interference
Zot:2:    layout_cathedral_of_symmetry, drop_trap
Zot:3:    layout_gridville, hangedman_zot_diagonal_lockstep
Zot:4:    layout_onion, nicolae_lava_and_water, hangedman_zot_decor_checkerboard
Zot:5:    layout_cathedral_of_symmetry, basic_altar
Zig:26

Skill      XL: |  1  2  3  4  5  6  7  8  9 10 11 12 13 14 15 16 17 18 19 20 21 22 23 24 25 26 27 |
---------------+----------------------------------------------------------------------------------+-----
Earth Magic    | 4 5 6 7 8 9 10 11 12 13 14 15 17 18 19 20 21 22 27 | 27.0
Spellcasting   | 3 4 5 6 7 8 9 10 11 12 13 14 15 27 | 27.0
Conjurations   | 1 3 4 5 6 7 8 9 10 11 12 13 14 15 16 17 27 | 27.0
Armour         | 2 3 5 6 |  6.0
Fighting       | 2 3 5 6 7 9 10 11 12 13 14 15 16 17 27 | 27.0
Maces & Flails | 2 3 4 5 7 8 9 10 11 12 13 14 15 27 | 27.0
Dodging        | 2 3 4 5 6 7 8 9 10 11 12 13 20 | 20.5
Evocations     | 1 3 4 5 6 7 8 9 10 27 | 27.0
Fire Magic     | 3 6 9 10 13 17 18 19 27 | 27.0
Ice Magic      | 27 | 27.0
Shields        | 27 | 27.0
Short Blades   | 12 | 12.0
Stealth        | 27 | 27.0
Transmutations | 10 | 10.0
Necromancy     | 18 | 18.0
Hexes          | 6 |  6.5

Action                   |  1- 3 |  4- 6 |  7- 9 | 10-12 | 13-15 | 16-18 | 19-21 | 22-24 | 25-27 || total
-------------------------+-------+-------+-------+-------+-------+-------+-------+-------+-------++-------
Melee: Unarmed           |    58 |       |    12 |       |       |       |       |       |       ||    70
       Dagger            |    18 |    65 |    64 |       |       |       |       |       |       ||   147
       Short sword       |    12 |       |       |       |       |       |       |       |       ||    12
       Flail             |       |       |   155 |   184 |   282 |   858 |   747 |   263 |       ||  2489
       Mace              |       |       |     6 |       |       |       |       |       |       ||     6
       Eveningstar       |       |       |       |       |       |       |       |    56 |  1034 ||  1090
       Morningstar       |       |       |       |       |       |       |       |       |   467 ||   467
       Demon whip        |       |       |       |       |       |       |       |       |   242 ||   242
Throw: Throwing net      |       |       |       |       |     1 |       |       |       |       ||     1
 Cast: Sandblast         |    35 |    39 |   108 |    59 |    17 |    23 |     3 |       |       ||   284
       Stone Arrow       |       |       |     5 |    89 |    83 |    10 |     1 |       |       ||   188
       Lee's Rapid Decon |       |       |     2 |    16 |    62 |    85 |    52 |    15 |    39 ||   271
       Iron Shot         |       |       |       |       |    19 |   233 |   208 |    87 |   221 ||   768
       Bolt of Magma     |       |       |       |       |       |   141 |     4 |     4 |       ||   149
       Fireball          |       |       |       |       |       |    25 |    29 |     8 |       ||    62
       Ignition          |       |       |       |       |       |     6 |    93 |    66 |   182 ||   347
       Shatter           |       |       |       |       |       |       |       |    60 |   738 ||   798
       Fire Storm        |       |       |       |       |       |       |       |       |   162 ||   162
       Absolute Zero     |       |       |       |       |       |       |       |       |   129 ||   129
       Lehudib's Crystal |       |       |       |       |       |       |       |       |     8 ||     8
       Death's Door      |       |       |       |       |       |       |       |       |     3 ||     3
       Necromutation     |       |       |       |       |       |       |       |       |     1 ||     1
       Irradiate         |       |       |       |       |       |       |       |       |     1 ||     1
 Abil: Evoke Invisibilit |       |       |       |       |       |       |       |       |     2 ||     2
Evoke: Wand              |       |       |     1 |       |    11 |     4 |     9 |       |     2 ||    27
       Tin of tremorston |       |       |       |       |       |     3 |     4 |     2 |     6 ||    15
       Condenser vane    |       |       |       |       |       |     2 |     2 |     1 |     6 ||    11
       Phial of floods   |       |       |       |       |       |       |     4 |       |     1 ||     5
       Figurine of a zig |       |       |       |       |       |       |       |       |     2 ||     2
  Use: Scroll            |       |     8 |    10 |     7 |    10 |    12 |     6 |     6 |    48 ||   107
       Potion            |       |     1 |     2 |    10 |     4 |     3 |     5 |     7 |    55 ||    87
 Stab: Sleeping          |     3 |     3 |     6 |       |       |     1 |     2 |       |     9 ||    24
       Distracted        |       |       |       |     1 |       |       |       |       |    10 ||    11
       Invisible         |       |       |       |       |       |       |       |       |     5 ||     5
Armor: Robe              |    42 |    44 |   155 |   222 |   237 |   142 |       |       |   243 ||  1085
       Skin              |       |     3 |     5 |     6 |       |       |       |       |   159 ||   173
       Troll leather arm |       |       |       |       |       |   537 |   781 |   239 |   799 ||  2356
       Leather armour    |       |       |       |       |       |       |       |       |    61 ||    61
Dodge: Dodged            |    65 |    57 |   258 |   259 |   331 |   859 |   816 |   281 |  1883 ||  4809
Block: Other             |       |       |       |       |       |       |    31 |    57 |   119 ||   207
       Buckler           |       |       |       |       |       |       |       |       |   459 ||   459
       Reflection        |       |       |       |       |       |       |       |       |    71 ||    71

Table legend: (Time is in decaauts)
 A = Elapsed time spent in this place.
 B = Non-inter-level travel time spent in this place.
 C = Inter-level travel time spent in this place.
 D = Time resting spent in this place.
 E = Time spent auto-exploring this place.
 F = Levels seen in this place.
 G = Mean time per level.
                   A        B        C        D        E       F      G
               +--------+--------+--------+--------+--------+-----+--------+
         Total |  90885 |  84983 |   5902 |  21351 |  42780 | 148 |  614.1 |
       Dungeon |  23728 |  21812 |   1916 |   6040 |  12516 |  15 | 1581.9 |
        Temple |     12 |     12 |      0 |      0 |      0 |   1 |   12.0 |
          Lair |   9824 |   8880 |    944 |   1188 |   6102 |   6 | 1637.3 |
         Swamp |   5703 |   5519 |    184 |   2014 |   2628 |   4 | 1425.8 |
   Spider Nest |   4835 |   4556 |    279 |   1112 |   2715 |   4 | 1208.8 |
    Slime Pits |   1385 |   1327 |     58 |    670 |    102 |   5 |  277.0 |
  Orcish Mines |   3053 |   2859 |    194 |    799 |   1270 |   2 | 1526.5 |
   Elven Halls |   4235 |   4016 |    219 |   1072 |   2021 |   3 | 1411.7 |
        Vaults |   7852 |   7158 |    694 |   1333 |   4330 |   5 | 1570.4 |
         Crypt |   3812 |   3654 |    158 |    693 |   1911 |   3 | 1270.7 |
        Depths |   7061 |   6043 |   1018 |    660 |   3985 |   5 | 1412.2 |
           Zot |   4785 |   4551 |    234 |    223 |   3478 |   5 |  957.0 |
         Abyss |   2808 |   2808 |      0 |    633 |    820 |   5 |  561.6 |
      Ziggurat |   8312 |   8312 |      0 |   3143 |     13 |  80 |  103.9 |
        Bazaar |    119 |    119 |      0 |      0 |     88 |   1 |  119.0 |
         Sewer |    229 |    229 |      0 |      6 |    175 |   1 |  229.0 |
      Ice Cave |   2077 |   2077 |      0 |   1491 |    274 |   1 | 2077.0 |
       Volcano |    398 |    398 |      0 |    187 |      4 |   1 |  398.0 |
      Gauntlet |    650 |    650 |      0 |     86 |    347 |   1 |  650.0 |
               +--------+--------+--------+--------+--------+-----+--------+

Top non-repeatable levels by time:
  Lair:6: 2413 daAuts
    D:10: 2340 daAuts
 Swamp:1: 2258 daAuts
Vaults:2: 2240 daAuts
   IceCv: 2077 daAuts
    D:15: 2060 daAuts
  Lair:2: 2042 daAuts
Spider:4: 2024 daAuts
 Crypt:3: 1962 daAuts
   Orc:2: 1944 daAuts
    D:14: 1925 daAuts
    D:11: 1912 daAuts
Depths:3: 1816 daAuts
     D:1: 1756 daAuts
Vaults:4: 1732 daAuts
